Workbook

Sheet Orçamento
A4: PLANILHA ORÇAMENTÁRIA | I4: REV. | J4: 46287
A5: OBRA: | B5: REVITALIZAÇÃO DE PLAYGROUND NO PARQUE DA VILA FORMOSA | I5: BDI Obra: | J5: 0.2354
A6: LOCAL: | B6: RUA ARTHUR CAGLIARI, S/Nº - VILA FORMOSA, SOROCABA/SP | I6: Área (m²): | J6: 900
A8: ITEM | B8: CÓDIGO | C8: REFERÊNCIA | D8: DISCRIMINAÇÃO DO SERVIÇO | E8: UNIDADE | F8: QUANTIDADE | G8: PREÇO UNITÁRIO (S/ BDI) | H8: PREÇO UNITÁRIO (C/ BDI) | I8: PREÇO TOTAL (SEM BDI) | J8: PREÇO TOTAL (COM BDI) | K8: $ sem BDI | L8: $ com BDI | M8: Caso tenha alguma observação no item, escrever abaixo | O8: Conferências
A9: 1 | D9: SERVIÇOS PRELIMINARES | K9: =I25 -> 36727.54 | L9: =J25 -> 45354.32 | M9: OBSERVAÇÃO | N9: =A9 -> 1 | O9: =IF(L9=SUM(L10:L25),"OK","NOK") -> OK
A10: 1.1 | D10: CANTEIRO DE OBRAS | H10: SUBTOTAL | I10: =SUBTOTAL(9,I11:I14) -> 12656.52 | J10: =SUBTOTAL(9,J11:J14) -> 15635.58 | K10: =SUM(I11:I14) -> 12656.52 | L10: =SUM(J11:J14) -> 15635.58
A11: 1.1.1 | B11: 02.08.040 | C11: CDHU | D11: PLACA EM LONA COM IMPRESSÃO DIGITAL E REQUADRO EM METALON | E11: M2 | F11: 6 | G11: 450.11 | H11: =TRUNC(G11*(1+$J$5),2) -> 556.06 | I11: =TRUNC(G11*F11,2) -> 2700.66 | J11: =TRUNC(H11*F11,2) -> 3336.36
A12: 1.1.2 | B12: 02.01.180 | C12: CDHU | D12: BANHEIRO QUÍMICO MODELO STANDARD, COM MANUTENÇÃO CONFORME EXIGÊNCIAS DA CETESB | E12: UNMES | F12: 3 | G12: 1259.83 | H12: =TRUNC(G12*(1+$J$5),2) -> 1556.39 | I12: =TRUNC(G12*F12,2) -> 3779.49 | J12: =TRUNC(H12*F12,2) -> 4669.17
A13: 1.1.3 | B13: 02.02.150 | C13: CDHU | D13: LOCAÇÃO DE CONTAINER TIPO DEPÓSITO - ÁREA MÍNIMA DE 13,80 M² | E13: UNMES | F13: 3 | G13: 1010.89 | H13: =TRUNC(G13*(1+$J$5),2) -> 1248.85 | I13: =TRUNC(G13*F13,2) -> 3032.67 | J13: =TRUNC(H13*F13,2) -> 3746.55
A14: 1.1.4 | B14: 01-005-040 | C14: SIURB - EDIF | D14: TELA PARA PROTEÇÃO DE OBRAS, MALHA 2 MM | E14: M2 | F14: 90 | G14: 34.93 | H14: =TRUNC(G14*(1+$J$5),2) -> 43.15 | I14: =TRUNC(G14*F14,2) -> 3143.7 | J14: =TRUNC(H14*F14,2) -> 3883.5
A15: 1.2 | D15: LIMPEZA DO TERRENO | H15: SUBTOTAL | I15: =SUBTOTAL(9,I16:I20) -> 20952.91 | J15: =SUBTOTAL(9,J16:J20) -> 25869.37 | K15: =SUM(I16:I20) -> 20952.91 | L15: =SUM(J16:J20) -> 25869.37
A16: 1.2.1 | B16: 98525 | C16: SINAPI | D16: LIMPEZA MECANIZADA DE CAMADA VEGETAL, VEGETAÇÃO E PEQUENAS ÁRVORES (DIÂMETRO DE TRONCO MENOR QUE 0,20 M), COM TRATOR DE ESTEIRAS. AF_03/2024 | E16: M2 | F16: 900 | G16: 0.76 | H16: =TRUNC(G16*(1+$J$5),2) -> 0.93 | I16: =TRUNC(G16*F16,2) -> 684 | J16: =TRUNC(H16*F16,2) -> 837
A17: 1.2.2 | B17: 06.01.020 | C17: CDHU | D17: ESCAVAÇÃO MANUAL EM SOLO DE 1ª E 2ª CATEGORIA EM CAMPO ABERTO | E17: M3 | F17: 135 | G17: 59.75 | H17: =TRUNC(G17*(1+$J$5),2) -> 73.81 | I17: =TRUNC(G17*F17,2) -> 8066.25 | J17: =TRUNC(H17*F17,2) -> 9964.35
A18: 1.2.3 | B18: 100980 | C18: SINAPI | D18: CARGA, MANOBRA E DESCARGA DE SOLOS E MATERIAIS GRANULARES EM CAMINHÃO BASCULANTE 18 M³ - CARGA COM ESCAVADEIRA HIDRÁULICA (CAÇAMBA DE 1,20 M³ / 155 HP) E DESCARGA LIVRE (UNIDADE: M3). AF_02/2026 | E18: M3 | F18: 199.26 | G18: 6.88 | H18: =TRUNC(G18*(1+$J$5),2) -> 8.49 | I18: =TRUNC(G18*F18,2) -> 1370.9 | J18: =TRUNC(H18*F18,2) -> 1691.71
A19: 1.2.4 | B19: 95877 | C19: SINAPI | D19: TRANSPORTE COM CAMINHÃO BASCULANTE DE 18 M³, EM VIA URBANA PAVIMENTADA, DMT ATÉ 30 KM (UNIDADE: M3XKM). AF_02/2026 | E19: M3XKM | F19: 2191.86 | G19: 2.09 | H19: =TRUNC(G19*(1+$J$5),2) -> 2.58 | I19: =TRUNC(G19*F19,2) -> 4580.98 | J19: =TRUNC(H19*F19,2) -> 5654.99
A20: 1.2.5 | B20: 05.09.007 | C20: CDHU | D20: TAXA DE DESTINAÇÃO DE RESÍDUO SÓLIDO EM ATERRO, TIPO SOLO/TERRA | E20: M3 | F20: 199.26 | G20: 31.37 | H20: =TRUNC(G20*(1+$J$5),2) -> 38.75 | I20: =TRUNC(G20*F20,2) -> 6250.78 | J20: =TRUNC(H20*F20,2) -> 7721.32
A21: 1.3 | D21: RETIRADA DE ENTULHOS | H21: SUBTOTAL | I21: =SUBTOTAL(9,I22:I24) -> 3118.11 | J21: =SUBTOTAL(9,J22:J24) -> 3849.37 | K21: =SUM(I22:I24) -> 3118.11 | L21: =SUM(J22:J24) -> 3849.37
A22: 1.3.1 | B22: 04.02.140 | C22: CDHU | D22: RETIRADA DE ESTRUTURA METÁLICA | E22: KG | F22: 896.96 | G22: 2.56 | H22: =TRUNC(G22*(1+$J$5),2) -> 3.16 | I22: =TRUNC(G22*F22,2) -> 2296.21 | J22: =TRUNC(H22*F22,2) -> 2834.39
A23: 1.3.2 | B23: 04.02.030 | C23: CDHU | D23: RETIRADA DE PEÇAS LINEARES EM MADEIRA COM SEÇÃO SUPERIOR A 60 CM² | E23: M | F23: 51 | G23: 5.3 | H23: =TRUNC(G23*(1+$J$5),2) -> 6.54 | I23: =TRUNC(G23*F23,2) -> 270.3 | J23: =TRUNC(H23*F23,2) -> 333.54
A24: 1.3.3 | B24: 05.07.050 | C24: CDHU | D24: REMOÇÃO DE ENTULHO DE OBRA COM CAÇAMBA METÁLICA - MATERIAL VOLUMOSO E MISTURADO POR ALVENARIA, TERRA, MADEIRA, PAPEL, PLÁSTICO E METAL | E24: M3 | F24: 4 | G24: 137.9 | H24: =TRUNC(G24*(1+$J$5),2) -> 170.36 | I24: =TRUNC(G24*F24,2) -> 551.6 | J24: =TRUNC(H24*F24,2) -> 681.44
H25: TOTAL ITEM | I25: =SUBTOTAL(9,I10:I24) -> 36727.54 | J25: =SUBTOTAL(9,J10:J24) -> 45354.32
A26: 2 | D26: PLAYGROUND EXISTENTE | K26: =I41 -> 71157.34 | L26: =J41 -> 87896.8 | N26: =A26 -> 2 | O26: =IF(L26=SUM(L27:L40),"OK","NOK") -> OK
A27: 2.1 | D27: REVITALIZAÇÃO DOS BRINQUEDOS EXISTENTES | H27: SUBTOTAL | I27: =SUBTOTAL(9,I28:I33) -> 29611.2 | J27: =SUBTOTAL(9,J28:J33) -> 36577.81 | K27: =SUM(I28:I33) -> 29611.2 | L27: =SUM(J28:J33) -> 36577.81
A28: 2.1.1 | B28: 24.20.090 | C28: CDHU | D28: SOLDA MIG EM ESQUADRIAS METÁLICAS | E28: M | F28: 57.3 | G28: 57.39 | H28: =TRUNC(G28*(1+$J$5),2) -> 70.89 | I28: =TRUNC(G28*F28,2) -> 3288.44 | J28: =TRUNC(H28*F28,2) -> 4061.99
A29: 2.1.2 | B29: 32.09.020 | C29: CDHU | D29: CHAPA DE AÇO EM BITOLAS MEDIAS | E29: KG | F29: 24.75 | G29: 24.93 | H29: =TRUNC(G29*(1+$J$5),2) -> 30.79 | I29: =TRUNC(G29*F29,2) -> 617.01 | J29: =TRUNC(H29*F29,2) -> 762.05
A30: 2.1.3 | B30: 15.03.140 | C30: CDHU | D30: FORNECIMENTO E MONTAGEM DE ESTRUTURA TUBULAR EM AÇO ASTM-A572 GRAU 50, SEM PINTURA | E30: KG | F30: 122.15 | G30: 31.53 | H30: =TRUNC(G30*(1+$J$5),2) -> 38.95 | I30: =TRUNC(G30*F30,2) -> 3851.38 | J30: =TRUNC(H30*F30,2) -> 4757.74
A31: 2.1.4 | B31: 100717 | C31: SINAPI | D31: LIXAMENTO MANUAL EM SUPERFÍCIES METÁLICAS EM OBRA. AF_01/2020 | E31: M2 | F31: 142.19 | G31: 12.79 | H31: =TRUNC(G31*(1+$J$5),2) -> 15.8 | I31: =TRUNC(G31*F31,2) -> 1818.61 | J31: =TRUNC(H31*F31,2) -> 2246.6
A32: 2.1.5 | B32: 33.11.050 | C32: CDHU | D32: ESMALTE À BASE ÁGUA EM SUPERFÍCIE METÁLICA, INCLUSIVE PREPARO | E32: M2 | F32: 361.16 | G32: 55.3 | H32: =TRUNC(G32*(1+$J$5),2) -> 68.31 | I32: =TRUNC(G32*F32,2) -> 19972.14 | J32: =TRUNC(H32*F32,2) -> 24670.83
A33: 2.1.6 | B33: 17-003-065 | C33: SIURB - EDIF | D33: TELA DE NYLON PARA COBERTURA DE QUADRA | E33: M2 | F33: 2.4 | G33: 26.51 | H33: =TRUNC(G33*(1+$J$5),2) -> 32.75 | I33: =TRUNC(G33*F33,2) -> 63.62 | J33: =TRUNC(H33*F33,2) -> 78.6
A34: 2.2 | D34: RECOMPOSIÇÃO DO TANQUE DE AREIA | H34: SUBTOTAL | I34: =SUBTOTAL(9,I35) -> 28834.65 | J34: =SUBTOTAL(9,J35) -> 35621.1 | K34: =SUM(I35) -> 28834.65 | L34: =SUM(J35) -> 35621.1
A35: 2.2.1 | B35: 18-013-046 | C35: SIURB - EDIF | D35: RV.11 - TANQUE DE AREIA - GENÉRICO - FORNECIMENTO E APLICAÇÃO DE AREIA LAVADA | E35: M3 | F35: 135 | G35: 213.59 | H35: =TRUNC(G35*(1+$J$5),2) -> 263.86 | I35: =TRUNC(G35*F35,2) -> 28834.65 | J35: =TRUNC(H35*F35,2) -> 35621.1
A36: 2.3 | D36: EQUIPAMENTOS NOVOS | H36: SUBTOTAL | I36: =SUBTOTAL(9,I37:I38) -> 9769.39 | J36: =SUBTOTAL(9,J37:J38) -> 12069.09 | K36: =SUM(I37:I38) -> 9769.39 | L36: =SUM(J37:J38) -> 12069.09
A37: 2.3.1 | B37: 103195 | C37: SINAPI | D37: INSTALAÇÃO DE PLACA ORIENTATIVA SOBRE EXERCÍCIOS, 2,00M X 1,00M, EM TUBO DE AÇO CARBONO - PARA ACADEMIA AO AR LIVRE / ACADEMIA DA TERCEIRA IDADE - ATI, INSTALADO SOBRE SOLO. AF_10/2021 | E37: UN | F37: 1 | G37: 2222.25 | H37: =TRUNC(G37*(1+$J$5),2) -> 2745.36 | I37: =TRUNC(G37*F37,2) -> 2222.25 | J37: =TRUNC(H37*F37,2) -> 2745.36
A38: 2.3.2 | B38: 17-003-063 | C38: SIURB - EDIF | D38: TABELA PARA BASQUETE, ENGLOBANDO DESDE FUNDAÇÃO ATÉ A CESTA DE NYLON | E38: UN | F38: 1 | G38: 7547.14 | H38: =TRUNC(G38*(1+$J$5),2) -> 9323.73 | I38: =TRUNC(G38*F38,2) -> 7547.14 | J38: =TRUNC(H38*F38,2) -> 9323.73
A39: 2.4 | D39: LIMPEZA DO PISO | H39: SUBTOTAL | I39: =SUBTOTAL(9,I40) -> 2942.1 | J39: =SUBTOTAL(9,J40) -> 3628.8 | K39: =SUM(I40) -> 2942.1 | L39: =SUM(J40) -> 3628.8
A40: 2.4.1 | B40: 03-040-005 | C40: SIURB - EDIF | D40: LIMPEZA DE SUPERFÍCIES COM HIDROJATEAMENTO | E40: M2 | F40: 630 | G40: 4.67 | H40: =TRUNC(G40*(1+$J$5),2) -> 5.76 | I40: =TRUNC(G40*F40,2) -> 2942.1 | J40: =TRUNC(H40*F40,2) -> 3628.8
H41: TOTAL ITEM | I41: =SUBTOTAL(9,I27:I40) -> 71157.34 | J41: =SUBTOTAL(9,J27:J40) -> 87896.8
A42: 3 | D42: REVITALIZAÇÕES DO ENTORNO | K42: =I56 -> 21992.71 | L42: =J56 -> 27164.97 | N42: =A42 -> 3 | O42: =IF(L42=SUM(L43:L55),"OK","NOK") -> OK
A43: 3.1 | D43: ACADEMIA AO AR LIVRE | H43: SUBTOTAL | I43: =SUBTOTAL(9,I44:I45) -> 2950.77 | J43: =SUBTOTAL(9,J44:J45) -> 3643.92 | K43: =SUM(I44:I45) -> 2950.77 | L43: =SUM(J44:J45) -> 3643.92
A44: 3.1.1 | B44: 103195 | C44: SINAPI | D44: INSTALAÇÃO DE PLACA ORIENTATIVA SOBRE EXERCÍCIOS, 2,00M X 1,00M, EM TUBO DE AÇO CARBONO - PARA ACADEMIA AO AR LIVRE / ACADEMIA DA TERCEIRA IDADE - ATI, INSTALADO SOBRE SOLO. AF_10/2021 | E44: UN | F44: 1 | G44: 2222.25 | H44: =TRUNC(G44*(1+$J$5),2) -> 2745.36 | I44: =TRUNC(G44*F44,2) -> 2222.25 | J44: =TRUNC(H44*F44,2) -> 2745.36
A45: 3.1.2 | B45: 03-040-005 | C45: SIURB - EDIF | D45: LIMPEZA DE SUPERFÍCIES COM HIDROJATEAMENTO | E45: M2 | F45: 156 | G45: 4.67 | H45: =TRUNC(G45*(1+$J$5),2) -> 5.76 | I45: =TRUNC(G45*F45,2) -> 728.52 | J45: =TRUNC(H45*F45,2) -> 898.56
A46: 3.2 | D46: PISTA DE SKATE | H46: SUBTOTAL | I46: =SUBTOTAL(9,I47:I52) -> 6612.99 | J46: =SUBTOTAL(9,J47:J52) -> 8166.38 | K46: =SUM(I47:I52) -> 6612.99 | L46: =SUM(J47:J52) -> 8166.38
A47: 3.2.1 | B47: 102488 | C47: SINAPI | D47: PREPARO DO PISO CIMENTADO PARA PINTURA - LIXAMENTO E LIMPEZA. AF_05/2021 | E47: M2 | F47: 122.76 | G47: 4.95 | H47: =TRUNC(G47*(1+$J$5),2) -> 6.11 | I47: =TRUNC(G47*F47,2) -> 607.66 | J47: =TRUNC(H47*F47,2) -> 750.06
A48: 3.2.2 | B48: 33.06.020 | C48: CDHU | D48: ACRÍLICO PARA QUADRAS E PISOS CIMENTADOS | E48: M2 | F48: 122.76 | G48: 30.14 | H48: =TRUNC(G48*(1+$J$5),2) -> 37.23 | I48: =TRUNC(G48*F48,2) -> 3699.98 | J48: =TRUNC(H48*F48,2) -> 4570.35
A49: 3.2.3 | B49: 100717 | C49: SINAPI | D49: LIXAMENTO MANUAL EM SUPERFÍCIES METÁLICAS EM OBRA. AF_01/2020 | E49: M2 | F49: 12.59 | G49: 12.79 | H49: =TRUNC(G49*(1+$J$5),2) -> 15.8 | I49: =TRUNC(G49*F49,2) -> 161.02 | J49: =TRUNC(H49*F49,2) -> 198.92
A50: 3.2.4 | B50: 100722 | C50: SINAPI | D50: PINTURA COM TINTA ALQUÍDICA DE FUNDO (TIPO ZARCÃO) APLICADA A ROLO OU PINCEL SOBRE SUPERFÍCIES METÁLICAS (EXCETO PERFIL) EXECUTADO EM OBRA (POR DEMÃO). AF_01/2020 | E50: M2 | F50: 25.18 | G50: 31.6 | H50: =TRUNC(G50*(1+$J$5),2) -> 39.03 | I50: =TRUNC(G50*F50,2) -> 795.68 | J50: =TRUNC(H50*F50,2) -> 982.77
A51: 3.2.5 | B51: 100754 | C51: SINAPI | D51: PINTURA COM TINTA ACRÍLICA DE ACABAMENTO APLICADA A ROLO OU PINCEL SOBRE SUPERFÍCIES METÁLICAS (EXCETO PERFIL) EXECUTADO EM OBRA (02 DEMÃOS). AF_01/2020 | E51: M2 | F51: 12.59 | G51: 38.87 | H51: =TRUNC(G51*(1+$J$5),2) -> 48.01 | I51: =TRUNC(G51*F51,2) -> 489.37 | J51: =TRUNC(H51*F51,2) -> 604.44
A52: 3.2.6 | B52: 03-040-005 | C52: SIURB - EDIF | D52: LIMPEZA DE SUPERFÍCIES COM HIDROJATEAMENTO | E52: M2 | F52: 184 | G52: 4.67 | H52: =TRUNC(G52*(1+$J$5),2) -> 5.76 | I52: =TRUNC(G52*F52,2) -> 859.28 | J52: =TRUNC(H52*F52,2) -> 1059.84
A53: 3.3 | D53: MOBILIÁRIOS DIVERSOS | H53: SUBTOTAL | I53: =SUBTOTAL(9,I54:I55) -> 12428.95 | J53: =SUBTOTAL(9,J54:J55) -> 15354.67 | K53: =SUM(I54:I55) -> 12428.95 | L53: =SUM(J54:J55) -> 15354.67
A54: 3.3.1 | B54: 18-012-101 | C54: SIURB - EDIF | D54: BANCO DE CONCRETO PRE-FABRICADO - L=140CM | E54: UN | F54: 14 | G54: 608.93 | H54: =TRUNC(G54*(1+$J$5),2) -> 752.27 | I54: =TRUNC(G54*F54,2) -> 8525.02 | J54: =TRUNC(H54*F54,2) -> 10531.78
A55: 3.3.2 | B55: 103310 | C55: SINAPI | D55: INSTALAÇÃO DE LIXEIRA METÁLICA DUPLA, CAPACIDADE DE 60 L, EM TUBO DE AÇO CARBONO E CESTOS EM CHAPA DE AÇO COM PINTURA ELETROSTÁTICA, SOBRE SOLO. AF_11/2021 | E55: UN | F55: 3 | G55: 1301.31 | H55: =TRUNC(G55*(1+$J$5),2) -> 1607.63 | I55: =TRUNC(G55*F55,2) -> 3903.93 | J55: =TRUNC(H55*F55,2) -> 4822.89
H56: TOTAL ITEM | I56: =SUBTOTAL(9,I43:I55) -> 21992.71 | J56: =SUBTOTAL(9,J43:J55) -> 27164.97
A57: 4 | D57: INSTALAÇÕES ELÉTRICAS | K57: =I83 -> 7381.33 | L57: =J83 -> 9118.1 | N57: =A57 -> 4 | O57: =IF(L57=SUM(L58:L82),"OK","NOK") -> OK
A58: 4.1 | D58: CAIXA DE COMANDO E ACIONAMENTO | H58: SUBTOTAL | I58: =SUBTOTAL(9,I59:I64) -> 1189.2 | J58: =SUBTOTAL(9,J59:J64) -> 1469.07 | K58: =SUM(I59:I64) -> 1189.2 | L58: =SUM(J59:J64) -> 1469.07
A59: 4.1.1 | B59: 101946 | C59: SINAPI | D59: QUADRO DE MEDIÇÃO GERAL DE ENERGIA PARA 1 MEDIDOR DE SOBREPOR - FORNECIMENTO E INSTALAÇÃO. AF_07/2025 | E59: UN | F59: 1 | G59: 117.16 | H59: =TRUNC(G59*(1+$J$5),2) -> 144.73 | I59: =TRUNC(G59*F59,2) -> 117.16 | J59: =TRUNC(H59*F59,2) -> 144.73
A60: 4.1.2 | B60: 38.04.040 | C60: CDHU | D60: ELETRODUTO GALVANIZADO CONFORME NBR13057 - 3/4´ COM ACESSÓRIOS | E60: M | F60: 8 | G60: 49.81 | H60: =TRUNC(G60*(1+$J$5),2) -> 61.53 | I60: =TRUNC(G60*F60,2) -> 398.48 | J60: =TRUNC(H60*F60,2) -> 492.24
A61: 4.1.3 | B61: 37.13.630 | C61: CDHU | D61: DISJUNTOR TERMOMAGNÉTICO, BIPOLAR 220/380 V, CORRENTE DE 10 A ATÉ 50 A | E61: UN | F61: 1 | G61: 133.99 | H61: =TRUNC(G61*(1+$J$5),2) -> 165.53 | I61: =TRUNC(G61*F61,2) -> 133.99 | J61: =TRUNC(H61*F61,2) -> 165.53
A62: 4.1.4 | B62: 101903 | C62: SINAPI | D62: CONTATOR TRIPOLAR I NOMINAL 38A - FORNECIMENTO E INSTALAÇÃO. AF_07/2025 | E62: UN | F62: 1 | G62: 358.33 | H62: =TRUNC(G62*(1+$J$5),2) -> 442.68 | I62: =TRUNC(G62*F62,2) -> 358.33 | J62: =TRUNC(H62*F62,2) -> 442.68
A63: 4.1.5 | B63: 101632 | C63: SINAPI | D63: RELÉ FOTOELÉTRICO PARA COMANDO DE ILUMINAÇÃO EXTERNA 1000 W - FORNECIMENTO E INSTALAÇÃO. AF_02/2025 | E63: UN | F63: 1 | G63: 28.53 | H63: =TRUNC(G63*(1+$J$5),2) -> 35.24 | I63: =TRUNC(G63*F63,2) -> 28.53 | J63: =TRUNC(H63*F63,2) -> 35.24
A64: 4.1.6 | B64: 37.17.060 | C64: CDHU | D64: DISPOSITIVO DIFERENCIAL RESIDUAL DE 25 A X 30 MA - 2 POLOS | E64: UN | F64: 1 | G64: 152.71 | H64: =TRUNC(G64*(1+$J$5),2) -> 188.65 | I64: =TRUNC(G64*F64,2) -> 152.71 | J64: =TRUNC(H64*F64,2) -> 188.65
A65: 4.2 | D65: ENTRADA DE ENERGIA | H65: SUBTOTAL | I65: =SUBTOTAL(9,I66:I74) -> 4595.09 | J65: =SUBTOTAL(9,J66:J74) -> 5676.75 | K65: =SUM(I66:I74) -> 4595.09 | L65: =SUM(J66:J74) -> 5676.75
A66: 4.2.1 | B66: 101497 | C66: SINAPI | D66: ENTRADA DE ENERGIA ELÉTRICA, AÉREA, BIFÁSICA, COM CAIXA DE SOBREPOR, CABO DE 10 MM2 E DISJUNTOR DIN 50A (NÃO INCLUSO O POSTE DE CONCRETO). AF_12/2025 | E66: UN | F66: 1 | G66: 2119.56 | H66: =TRUNC(G66*(1+$J$5),2) -> 2618.5 | I66: =TRUNC(G66*F66,2) -> 2119.56 | J66: =TRUNC(H66*F66,2) -> 2618.5
A67: 4.2.2 | B67: 5057 | C67: SINAPI - INSUMO | D67: POSTE DE CONCRETO ARMADO DE SECAO DUPLO T, EXTENSAO DE 10,00 M, RESISTENCIA DE 300 A 400 DAN, TIPO B OU D | E67: UN | F67: 1 | G67: 1072.1 | H67: =TRUNC(G67*(1+$J$5),2) -> 1324.47 | I67: =TRUNC(G67*F67,2) -> 1072.1 | J67: =TRUNC(H67*F67,2) -> 1324.47
A68: 4.2.3 | B68: 37.24.031 | C68: CDHU | D68: SUPRESSOR DE SURTO MONOFÁSICO, CORRENTE NOMINAL 4 A 11 KA, IMAX. DE SURTO 12 ATÉ 15 KA | E68: UN | F68: 2 | G68: 80.11 | H68: =TRUNC(G68*(1+$J$5),2) -> 98.96 | I68: =TRUNC(G68*F68,2) -> 160.22 | J68: =TRUNC(H68*F68,2) -> 197.92
A69: 4.2.4 | B69: 06.02.020 | C69: CDHU | D69: ESCAVAÇÃO MANUAL EM SOLO DE 1ª E 2ª CATEGORIA EM VALA OU CAVA ATÉ 1,5 M | E69: M3 | F69: 0.08 | G69: 71.7 | H69: =TRUNC(G69*(1+$J$5),2) -> 88.57 | I69: =TRUNC(G69*F69,2) -> 5.73 | J69: =TRUNC(H69*F69,2) -> 7.08
A70: 4.2.5 | B70: 101616 | C70: SINAPI | D70: PREPARO DE FUNDO DE VALA COM LARGURA MENOR QUE 1,5 M (ACERTO DO SOLO NATURAL), EM LOCAL COM NÍVEL BAIXO DE INTERFERÊNCIA. AF_01/2026 | E70: M2 | F70: 0.16 | G70: 10.61 | H70: =TRUNC(G70*(1+$J$5),2) -> 13.1 | I70: =TRUNC(G70*F70,2) -> 1.69 | J70: =TRUNC(H70*F70,2) -> 2.09
A71: 4.2.6 | B71: 97882 | C71: SINAPI | D71: CAIXA ENTERRADA ELÉTRICA RETANGULAR, EM CONCRETO PRÉ-MOLDADO, FUNDO COM BRITA, DIMENSÕES INTERNAS: 0,4X0,4X0,4 M. AF_12/2020 | E71: UN | F71: 1 | G71: 250.52 | H71: =TRUNC(G71*(1+$J$5),2) -> 309.49 | I71: =TRUNC(G71*F71,2) -> 250.52 | J71: =TRUNC(H71*F71,2) -> 309.49
A72: 4.2.7 | B72: 11.18.040 | C72: CDHU | D72: LASTRO DE PEDRA BRITADA | E72: M3 | F72: 0.05 | G72: 224.12 | H72: =TRUNC(G72*(1+$J$5),2) -> 276.87 | I72: =TRUNC(G72*F72,2) -> 11.2 | J72: =TRUNC(H72*F72,2) -> 13.84
A73: 4.2.8 | B73: 94963 | C73: SINAPI | D73: CONCRETO FCK = 15MPA, TRAÇO 1:3,4:3,5 (EM MASSA SECA DE CIMENTO/ AREIA MÉDIA/ BRITA 1) - PREPARO MECÂNICO COM BETONEIRA 400 L. AF_05/2021 | E73: M3 | F73: 0.06 | G73: 443.57 | H73: =TRUNC(G73*(1+$J$5),2) -> 547.98 | I73: =TRUNC(G73*F73,2) -> 26.61 | J73: =TRUNC(H73*F73,2) -> 32.87
A74: 4.2.9 | B74: C.09 | C74: COMPOSIÇÃO | D74: CAIXA DE PROTEÇÃO ANTIFURTO | E74: UN. | F74: 1 | G74: 947.46 | H74: =TRUNC(G74*(1+$J$5),2) -> 1170.49 | I74: =TRUNC(G74*F74,2) -> 947.46 | J74: =TRUNC(H74*F74,2) -> 1170.49
A75: 4.3 | D75: CABEAMENTO E IMPLANTAÇÃO | H75: SUBTOTAL | I75: =SUBTOTAL(9,I76:I82) -> 1597.04 | J75: =SUBTOTAL(9,J76:J82) -> 1972.28 | K75: =SUM(I76:I82) -> 1597.04 | L75: =SUM(J76:J82) -> 1972.28
A76: 4.3.1 | B76: 101651 | C76: SINAPI | D76: SUBSTITUIÇÃO DE LÂMPADA PARA ILUMINAÇÃO PÚBLICA (NÃO INCLUI FORNECIMENTO). AF_02/2025_PS (CONEXÃO COM POSTE DE ILUMINAÇÃO EXISTENTE) | E76: UN | F76: 1 | G76: 70.29 | H76: =TRUNC(G76*(1+$J$5),2) -> 86.83 | I76: =TRUNC(G76*F76,2) -> 70.29 | J76: =TRUNC(H76*F76,2) -> 86.83 | M76: (CONEXÃO COM POSTE DE ILUMINAÇÃO EXISTENTE)
A77: 4.3.2 | B77: 06.02.020 | C77: CDHU | D77: ESCAVAÇÃO MANUAL EM SOLO DE 1ª E 2ª CATEGORIA EM VALA OU CAVA ATÉ 1,5 M | E77: M3 | F77: 2.59 | G77: 71.7 | H77: =TRUNC(G77*(1+$J$5),2) -> 88.57 | I77: =TRUNC(G77*F77,2) -> 185.7 | J77: =TRUNC(H77*F77,2) -> 229.39
A78: 4.3.3 | B78: 101616 | C78: SINAPI | D78: PREPARO DE FUNDO DE VALA COM LARGURA MENOR QUE 1,5 M (ACERTO DO SOLO NATURAL), EM LOCAL COM NÍVEL BAIXO DE INTERFERÊNCIA. AF_01/2026 | E78: M2 | F78: 3.45 | G78: 10.61 | H78: =TRUNC(G78*(1+$J$5),2) -> 13.1 | I78: =TRUNC(G78*F78,2) -> 36.6 | J78: =TRUNC(H78*F78,2) -> 45.19
A79: 4.3.4 | B79: 38.13.030 | C79: CDHU | D79: ELETRODUTO CORRUGADO EM POLIETILENO DE ALTA DENSIDADE, DN= 75 MM, COM ACESSÓRIOS | E79: M | F79: 11.5 | G79: 18.71 | H79: =TRUNC(G79*(1+$J$5),2) -> 23.11 | I79: =TRUNC(G79*F79,2) -> 215.16 | J79: =TRUNC(H79*F79,2) -> 265.76
A80: 4.3.5 | B80: 91931 | C80: SINAPI | D80: CABO DE COBRE FLEXÍVEL ISOLADO, 6 MM², ANTI-CHAMA 0,6/1,0 KV, PARA CIRCUITOS TERMINAIS - FORNECIMENTO E INSTALAÇÃO. AF_03/2023 | E80: M | F80: 70.5 | G80: 13.12 | H80: =TRUNC(G80*(1+$J$5),2) -> 16.2 | I80: =TRUNC(G80*F80,2) -> 924.96 | J80: =TRUNC(H80*F80,2) -> 1142.1
A81: 4.3.6 | B81: 94963 | C81: SINAPI | D81: CONCRETO FCK = 15MPA, TRAÇO 1:3,4:3,5 (EM MASSA SECA DE CIMENTO/ AREIA MÉDIA/ BRITA 1) - PREPARO MECÂNICO COM BETONEIRA 400 L. AF_05/2021 | E81: M3 | F81: 0.17 | G81: 443.57 | H81: =TRUNC(G81*(1+$J$5),2) -> 547.98 | I81: =TRUNC(G81*F81,2) -> 75.4 | J81: =TRUNC(H81*F81,2) -> 93.15
A82: 4.3.7 | B82: 93382 | C82: SINAPI | D82: REATERRO MANUAL DE VALAS, COM COMPACTADOR DE SOLOS DE PERCUSSÃO. AF_08/2023 | E82: M3 | F82: 2.42 | G82: 36.75 | H82: =TRUNC(G82*(1+$J$5),2) -> 45.4 | I82: =TRUNC(G82*F82,2) -> 88.93 | J82: =TRUNC(H82*F82,2) -> 109.86
H83: TOTAL ITEM | I83: =SUBTOTAL(9,I58:I82) -> 7381.33 | J83: =SUBTOTAL(9,J58:J82) -> 9118.1
A84: 5 | D84: SERVIÇOS COMPLEMENTARES | K84: =I88 -> 113.15 | L84: =J88 -> 139.74 | N84: =A84 -> 5 | O84: =IF(L84=SUM(L85:L87),"OK","NOK") -> OK
A85: 5.1 | D85: PAISAGISMO | H85: SUBTOTAL | I85: =SUBTOTAL(9,I86:I87) -> 113.15 | J85: =SUBTOTAL(9,J86:J87) -> 139.74 | K85: =SUM(I86:I87) -> 113.15 | L85: =SUM(J86:J87) -> 139.74
A86: 5.1.1 | B86: 105521 | C86: SINAPI | D86: ESPALHAMENTO DE TERRA VEGETAL PARA O PLANTIO. AF_07/2024 | E86: M2 | F86: 4.6 | G86: 5.16 | H86: =TRUNC(G86*(1+$J$5),2) -> 6.37 | I86: =TRUNC(G86*F86,2) -> 23.73 | J86: =TRUNC(H86*F86,2) -> 29.3
A87: 5.1.2 | B87: 34.02.100 | C87: CDHU | D87: PLANTIO DE GRAMA ESMERALDA EM PLACAS (JARDINS E CANTEIROS) | E87: M2 | F87: 4.6 | G87: 19.44 | H87: =TRUNC(G87*(1+$J$5),2) -> 24.01 | I87: =TRUNC(G87*F87,2) -> 89.42 | J87: =TRUNC(H87*F87,2) -> 110.44
H88: TOTAL ITEM | I88: =SUBTOTAL(9,I85:I87) -> 113.15 | J88: =SUBTOTAL(9,J85:J87) -> 139.74
I89: PREÇO TOTAL (SEM BDI) | J89: PREÇO TOTAL (COM BDI)
H90: TOTAL | I90: =SUMIF(H10:H88,"TOTAL ITEM",I10:I88) -> 137372.07 | J90: =SUMIF(H10:H88,"TOTAL ITEM",J10:J88) -> 169673.93
A91: 6 | D91: ADMINISTRAÇÃO LOCAL | K91: =I93 -> 4794.28 | L91: =J93 -> 5922.85 | N91: =A91 -> 6 | O91: =IF(L91=SUM(J93),"OK","NOK") -> OK
A92: 6.1 | B92: Acordão TCU 2622/2013 | D92: Administração local (pagamento relativo a evolução física da obra – contempla engenheiro, mestre de obra e vigia) | E92: % | F92: 0.0349 | H92: =I90 -> 137372.07 | I92: =TRUNC(H92*F92,2) -> 4794.28 | J92: =TRUNC(I92*(1+$J$5),2) -> 5922.85
H93: SUBTOTAL | I93: =SUM(I92) -> 4794.28 | J93: =SUM(J92) -> 5922.85
I94: PREÇO TOTAL (SEM BDI) | J94: PREÇO TOTAL (COM BDI) | N94: Soma Coluna L / 2 + adm | O94: =SUM(L9:L88)/2+L91 -> 175596.78
H95: TOTAL | I95: =I90+I93 -> 142166.35 | J95: =J90+J93 -> 175596.78 | K95: =K97-J95 -> -4596.78 | N95: Total | O95: =J95 -> 175596.78
A97: TABELAS DE REFERÊNCIA: CDHU 203 (08/26), SINAPI (08/26), SIURB (07/26 – publicado 09/26); – SEM DESONERAÇÃO | K97: 171000 | N97: Conferência | O97: =IF(O94=SUM(O95),"OK","NOK") -> OK
A98: Prefeitura Municipal de Sorocaba - CNPJ: 46.634.044/0001-74 SERPO Avenida Rudolf Dafferner, nº 65– Alto da Boa Vista – CEP 18085-005 – Sorocaba/SP Fone: (15) 3331-7030/3331-7031

Sheet Composições Abertas
A4: COMPOSIÇÕES | H4: REV. | I4: =Orçamento!J4 -> 46287
A5: OBRA: | B5: =Orçamento!B5 -> REVITALIZAÇÃO DE PLAYGROUND NO PARQUE DA VILA FORMOSA | H5: BDI Obra: | I5: =Orçamento!J5 -> 0.2354
A6: LOCAL: | B6: =Orçamento!B6 -> RUA ARTHUR CAGLIARI, S/Nº - VILA FORMOSA, SOROCABA/SP | H6: Área (m²): | I6: =Orçamento!J6 -> 900
A8: TIPO / ITEM | B8: BASE | C8: CÓDIGO / REF. | D8: DESCRIÇÃO | E8: UNID | F8: COEF. / QTD | G8: PREÇO UNIT. | H8: CUSTO TOTAL | I8: CONFERÊNCIA
A9: 1.1.1 | B9: CDHU | C9: 02.08.040 | D9: PLACA EM LONA COM IMPRESSÃO DIGITAL E REQUADRO EM METALON | E9: M2 | F9: QTD: 6 | G9: =SUM(H10:H13) -> 450.11 | H9: =TRUNC(G9 * VALUE(SUBSTITUTE(F9,"QTD: ","")), 2) -> 2700.66 | I9: =IF(ROUND(ABS(G9-Orçamento!G11),2)<0.01,"OK","DIVERGENTE") -> OK
A10: INSUMO | B10: CDHU | C10: B.01.000.010144 | D10: SERRALHEIRO | E10: H | F10: 0,5 | G10: 37.91 | H10: =ROUND(F10*G10,2) -> 18.96
A11: INSUMO | B11: CDHU | C11: B.01.000.010145 | D11: AJUDANTE SERRALHEIRO | E11: H | F11: 0,5 | G11: 23.9 | H11: =ROUND(F11*G11,2) -> 11.95
A12: INSUMO | B12: CDHU | C12: N.04.000.039114 | D12: BANNER EM LONA COM IMPRESSÃO DIGITALMENTE, COM BAINHA REFORÇADA E ILHOSES | E12: M2 | F12: 1 | G12: 113.44 | H12: =ROUND(F12*G12,2) -> 113.44
A13: INSUMO | B13: CDHU | C13: N.04.000.039115 | D13: REQUADRO EM METALON PARA BANNER EM LONA IMPRESSO | E13: M | F13: 0,917 | G13: 333.43 | H13: =ROUND(F13*G13,2) -> 305.76
A15: 1.1.2 | B15: CDHU | C15: 02.01.180 | D15: BANHEIRO QUÍMICO MODELO STANDARD, COM MANUTENÇÃO CONFORME EXIGÊNCIAS DA CETESB | E15: UNMES | F15: QTD: 3 | G15: =SUM(H16) -> 1259.83 | H15: =TRUNC(G15 * VALUE(SUBSTITUTE(F15,"QTD: ","")), 2) -> 3779.49 | I15: =IF(ROUND(ABS(G15-Orçamento!G12),2)<0.01,"OK","DIVERGENTE") -> OK
A16: INSUMO | B16: CDHU | C16: A.14.000.081900 | D16: BANHEIRO QUÍMICO, MODELO STANDARD, COM LIMPEZA 1 VEZ POR SEMANA E DESCARTE CONFORME EXIGÊNCIAS DA CETESB | E16: UNMES | F16: 1 | G16: 1259.83 | H16: =ROUND(F16*G16,2) -> 1259.83
A18: 1.1.3 | B18: CDHU | C18: 02.02.150 | D18: LOCAÇÃO DE CONTAINER TIPO DEPÓSITO - ÁREA MÍNIMA DE 13,80 M² | E18: UNMES | F18: QTD: 3 | G18: =SUM(H19:H22) -> 1010.89 | H18: =TRUNC(G18 * VALUE(SUBSTITUTE(F18,"QTD: ","")), 2) -> 3032.67 | I18: =IF(ROUND(ABS(G18-Orçamento!G13),2)<0.01,"OK","DIVERGENTE") -> OK
A19: INSUMO | B19: CDHU | C19: A.12.000.021099 | D19: CONTAINER DEPÓSITO, MÓDULO METÁLICO EM AÇO GALVANIZADO DE 6,0X2,3X2,5M, VÃO LIVRE, PISO DE CONCRETO, CIMENTADO, MADEIRA OU MATERIAL EQUIVALENTE | E19: UNMES | F19: 1 | G19: 913.31 | H19: =ROUND(F19*G19,2) -> 913.31
A20: INSUMO | B20: CDHU | C20: B.01.000.010101 | D20: AJUDANTE GERAL | E20: H | F20: 1,32 | G20: 23.9 | H20: =ROUND(F20*G20,2) -> 31.55
A21: INSUMO | B21: CDHU | C21: B.01.000.010115 | D21: ELETRICISTA | E21: H | F21: 0,99 | G21: 34.83 | H21: =ROUND(F21*G21,2) -> 34.48
A22: INSUMO | B22: CDHU | C22: B.01.000.010116 | D22: AJUDANTE ELETRICISTA | E22: H | F22: 1,32 | G22: 23.9 | H22: =ROUND(F22*G22,2) -> 31.55
A24: 1.1.4 | B24: SIURB - EDIF | C24: 01-005-040 | D24: TELA PARA PROTEÇÃO DE OBRAS, MALHA 2 MM | E24: M2 | F24: QTD: 90 | G24: =SUM(H25:H30) -> 34.93 | H24: =TRUNC(G24 * VALUE(SUBSTITUTE(F24,"QTD: ","")), 2) -> 3143.7 | I24: =IF(ROUND(ABS(G24-Orçamento!G14),2)<0.01,"OK","DIVERGENTE") -> OK
A25: INSUMO | B25: SIURB - EDIF | C25: 02013 | D25: CARPINTEIRO (SGSP) | E25: H | F25: 0,44 | G25: 35.1 | H25: =ROUND(F25*G25,2) -> 15.44
A26: INSUMO | B26: SIURB - EDIF | C26: 02099 | D26: SERVENTE (SGSP) | E26: H | F26: 0,53 | G26: 27.12 | H26: =ROUND(F26*G26,2) -> 14.37
A27: INSUMO | B27: SIURB - EDIF | C27: 11046 | D27: PINUS - PONTALETE DE 3" X 3" - BRUTO | E27: M | F27: 0,06 | G27: 7.59 | H27: =ROUND(F27*G27,2) -> 0.46
A28: INSUMO | B28: SIURB - EDIF | C28: 11066 | D28: PINUS - SARRAFO DE 1" X 4" - BRUTO | E28: M | F28: 0,2 | G28: 3.2 | H28: =ROUND(F28*G28,2) -> 0.64
A29: INSUMO | B29: SIURB - EDIF | C29: 17515 | D29: PREGO 18 X 27 COMUM - POLIDO | E29: Kg | F29: 0,01 | G29: 10.98 | H29: =ROUND(F29*G29,2) -> 0.11
A30: INSUMO | B30: SIURB - EDIF | C30: 38043 | D30: TELA POLIETILENO P/ PROTEÇÃO DE FACHADA-TRAMA 2,2MM | E30: M2 | F30: 1,1 | G30: 3.55 | H30: =ROUND(F30*G30,2) -> 3.91
A32: 1.2.1 | B32: SINAPI | C32: 98525 | D32: LIMPEZA MECANIZADA DE CAMADA VEGETAL, VEGETAÇÃO E PEQUENAS ÁRVORES (DIÂMETRO DE TRONCO MENOR QUE 0,20 M), COM TRATOR DE ESTEIRAS. AF_03/2024 | E32: M2 | F32: QTD: 900 | G32: =SUM(H33:H35) -> 0.76 | H32: =TRUNC(G32 * VALUE(SUBSTITUTE(F32,"QTD: ","")), 2) -> 684 | I32: =IF(ROUND(ABS(G32-Orçamento!G16),2)<0.01,"OK","DIVERGENTE") -> OK
A33: AUXILIAR (N1) | B33: SINAPI | C33: 89032 | D33: TRATOR DE ESTEIRAS, POTÊNCIA 100 HP, PESO OPERACIONAL 9,4 T, COM LÂMINA 2,19 M3 - CHP DIURNO. AF_06/2014 | E33: CHP | F33: 0,0017 | G33: 215.94 | H33: =TRUNC(F33*G33,2) -> 0.36 | I33: =IFERROR(IF(ROUND(G33, 2) <> ROUND(VLOOKUP("C"&C33,C:G, 5, FALSE), 2), "VALOR AUXILIAR DIVERGENTE", "OK"), "NÃO ENCONTRADO") -> OK
A34: AUXILIAR (N1) | B34: SINAPI | C34: 89031 | D34: TRATOR DE ESTEIRAS, POTÊNCIA 100 HP, PESO OPERACIONAL 9,4 T, COM LÂMINA 2,19 M3 - CHI DIURNO. AF_06/2014 | E34: CHI | F34: 0,0029 | G34: 88.36 | H34: =TRUNC(F34*G34,2) -> 0.25 | I34: =IFERROR(IF(ROUND(G34, 2) <> ROUND(VLOOKUP("C"&C34,C:G, 5, FALSE), 2), "VALOR AUXILIAR DIVERGENTE", "OK"), "NÃO ENCONTRADO") -> OK
A35: AUXILIAR (N1) | B35: SINAPI | C35: 88441 | D35: JARDINEIRO COM ENCARGOS COMPLEMENTARES | E35: H | F35: 0,0046 | G35: 33.53 | H35: =TRUNC(F35*G35,2) -> 0.15 | I35: =IFERROR(IF(ROUND(G35, 2) <> ROUND(VLOOKUP("C"&C35,C:G, 5, FALSE), 2), "VALOR AUXILIAR DIVERGENTE", "OK"), "NÃO ENCONTRADO") -> OK
A37: 1.2.2 | B37: CDHU | C37: 06.01.020 | D37: ESCAVAÇÃO MANUAL EM SOLO DE 1ª E 2ª CATEGORIA EM CAMPO ABERTO | E37: M3 | F37: QTD: 135 | G37: =SUM(H38) -> 59.75 | H37: =TRUNC(G37 * VALUE(SUBSTITUTE(F37,"QTD: ","")), 2) -> 8066.25 | I37: =IF(ROUND(ABS(G37-Orçamento!G17),2)<0.01,"OK","DIVERGENTE") -> OK
A38: INSUMO | B38: CDHU | C38: B.01.000.010146 | D38: SERVENTE | E38: H | F38: 2,5 | G38: 23.9 | H38: =ROUND(F38*G38,2) -> 59.75
A40: 1.2.3 | B40: SINAPI | C40: 100980 | D40: CARGA, MANOBRA E DESCARGA DE SOLOS E MATERIAIS GRANULARES EM CAMINHÃO BASCULANTE 18 M³ - CARGA COM ESCAVADEIRA HIDRÁULICA (CAÇAMBA DE 1,20 M³ / 155 HP) E DESCARGA LIVRE (UNIDADE: M3). AF_02/2026 | E40: M3 | F40: QTD: 199,26 | G40: =SUM(H41:H44) -> 6.88 | H40: =TRUNC(G40 * VALUE(SUBSTITUTE(F40,"QTD: ","")), 2) -> 1370.9 | I40: =IF(ROUND(ABS(G40-Orçamento!G18),2)<0.01,"OK","DIVERGENTE") -> OK
A41: AUXILIAR (N1) | B41: SINAPI | C41: 89884 | D41: CAMINHÃO BASCULANTE 18 M3, COM CAVALO MECÂNICO DE CAPACIDADE MÁXIMA DE TRAÇÃO COMBINADO DE 45000 KG, POTÊNCIA 330 CV, INCLUSIVE SEMIREBOQUE COM CAÇAMBA METÁLICA - CHI DIURNO. AF_12/2014 | E41: CHI | F41: 0,0071014 | G41: 104.24 | H41: =TRUNC(F41*G41,2) -> 0.74 | I41: =IFERROR(IF(ROUND(G41, 2) <> ROUND(VLOOKUP("C"&C41,C:G, 5, FALSE), 2), "VALOR AUXILIAR DIVERGENTE", "OK"), "NÃO ENCONTRADO") -> OK
A42: AUXILIAR (N1) | B42: SINAPI | C42: 89883 | D42: CAMINHÃO BASCULANTE 18 M3, COM CAVALO MECÂNICO DE CAPACIDADE MÁXIMA DE TRAÇÃO COMBINADO DE 45000 KG, POTÊNCIA 330 CV, INCLUSIVE SEMIREBOQUE COM CAÇAMBA METÁLICA - CHP DIURNO. AF_12/2014 | E42: CHP | F42: 0,0110732 | G42: 396.81 | H42: =TRUNC(F42*G42,2) -> 4.39 | I42: =IFERROR(IF(ROUND(G42, 2) <> ROUND(VLOOKUP("C"&C42,C:G, 5, FALSE), 2), "VALOR AUXILIAR DIVERGENTE", "OK"), "NÃO ENCONTRADO") -> OK
A43: AUXILIAR (N1) | B43: SINAPI | C43: 88908 | D43: ESCAVADEIRA HIDRÁULICA SOBRE ESTEIRAS, CAÇAMBA 1,20 M3, PESO OPERACIONAL 21 T, POTÊNCIA BRUTA 155 HP - CHI DIURNO. AF_06/2014 | E43: CHI | F43: 0,0053852 | G43: 115.87 | H43: =TRUNC(F43*G43,2) -> 0.62 | I43: =IFERROR(IF(ROUND(G43, 2) <> ROUND(VLOOKUP("C"&C43,C:G, 5, FALSE), 2), "VALOR AUXILIAR DIVERGENTE", "OK"), "NÃO ENCONTRADO") -> OK
A44: AUXILIAR (N1) | B44: SINAPI | C44: 88907 | D44: ESCAVADEIRA HIDRÁULICA SOBRE ESTEIRAS, CAÇAMBA 1,20 M3, PESO OPERACIONAL 21 T, POTÊNCIA BRUTA 155 HP - CHP DIURNO. AF_06/2014 | E44: CHP | F44: 0,0040582 | G44: 280.43 | H44: =TRUNC(F44*G44,2) -> 1.13 | I44: =IFERROR(IF(ROUND(G44, 2) <> ROUND(VLOOKUP("C"&C44,C:G, 5, FALSE), 2), "VALOR AUXILIAR DIVERGENTE", "OK"), "NÃO ENCONTRADO") -> OK
A46: 1.2.4 | B46: SINAPI | C46: 95877 | D46: TRANSPORTE COM CAMINHÃO BASCULANTE DE 18 M³, EM VIA URBANA PAVIMENTADA, DMT ATÉ 30 KM (UNIDADE: M3XKM). AF_02/2026 | E46: M3XKM | F46: QTD: 2191,86 | G46: =SUM(H47:H48) -> 2.09 | H46: =TRUNC(G46 * VALUE(SUBSTITUTE(F46,"QTD: ","")), 2) -> 4580.98 | I46: =IF(ROUND(ABS(G46-Orçamento!G19),2)<0.01,"OK","DIVERGENTE") -> OK
A47: AUXILIAR (N1) | B47: SINAPI | C47: 89884 | D47: CAMINHÃO BASCULANTE 18 M3, COM CAVALO MECÂNICO DE CAPACIDADE MÁXIMA DE TRAÇÃO COMBINADO DE 45000 KG, POTÊNCIA 330 CV, INCLUSIVE SEMIREBOQUE COM CAÇAMBA METÁLICA - CHI DIURNO. AF_12/2014 | E47: CHI | F47: 0,0018152 | G47: 104.24 | H47: =TRUNC(F47*G47,2) -> 0.18 | I47: =IFERROR(IF(ROUND(G47, 2) <> ROUND(VLOOKUP("C"&C47,C:G, 5, FALSE), 2), "VALOR AUXILIAR DIVERGENTE", "OK"), "NÃO ENCONTRADO") -> OK
A48: AUXILIAR (N1) | B48: SINAPI | C48: 89883 | D48: CAMINHÃO BASCULANTE 18 M3, COM CAVALO MECÂNICO DE CAPACIDADE MÁXIMA DE TRAÇÃO COMBINADO DE 45000 KG, POTÊNCIA 330 CV, INCLUSIVE SEMIREBOQUE COM CAÇAMBA METÁLICA - CHP DIURNO. AF_12/2014 | E48: CHP | F48: 0,0048309 | G48: 396.81 | H48: =TRUNC(F48*G48,2) -> 1.91 | I48: =IFERROR(IF(ROUND(G48, 2) <> ROUND(VLOOKUP("C"&C48,C:G, 5, FALSE), 2), "VALOR AUXILIAR DIVERGENTE", "OK"), "NÃO ENCONTRADO") -> OK
A50: 1.2.5 | B50: CDHU | C50: 05.09.007 | D50: TAXA DE DESTINAÇÃO DE RESÍDUO SÓLIDO EM ATERRO, TIPO SOLO/TERRA | E50: M3 | F50: QTD: 199,26 | G50: =SUM(H51) -> 31.37 | H50: =TRUNC(G50 * VALUE(SUBSTITUTE(F50,"QTD: ","")), 2) -> 6250.78 | I50: =IF(ROUND(ABS(G50-Orçamento!G20),2)<0.01,"OK","DIVERGENTE") -> OK
A51: INSUMO | B51: CDHU | C51: A.05.000.020306 | D51: TAXA DE DESTINAÇÃO DE RESÍDUO SÓLIDO EM ATERRO, TIPO SOLO/TERRA | E51: M3 | F51: 1 | G51: 31.37 | H51: =ROUND(F51*G51,2) -> 31.37
A53: 1.3.1 | B53: CDHU | C53: 04.02.140 | D53: RETIRADA DE ESTRUTURA METÁLICA | E53: KG | F53: QTD: 896,96 | G53: =SUM(H54) -> 2.56 | H53: =TRUNC(G53 * VALUE(SUBSTITUTE(F53,"QTD: ","")), 2) -> 2296.21 | I53: =IF(ROUND(ABS(G53-Orçamento!G22),2)<0.01,"OK","DIVERGENTE") -> OK
A54: INSUMO | B54: CDHU | C54: S.05.000.093275 | D54: RETIRADA DE ESTRUTURA METÁLICA | E54: KG | F54: 1 | G54: 2.56 | H54: =ROUND(F54*G54,2) -> 2.56
A56: 1.3.2 | B56: CDHU | C56: 04.02.030 | D56: RETIRADA DE PEÇAS LINEARES EM MADEIRA COM SEÇÃO SUPERIOR A 60 CM² | E56: M | F56: QTD: 51 | G56: =SUM(H57:H58) -> 5.3 | H56: =TRUNC(G56 * VALUE(SUBSTITUTE(F56,"QTD: ","")), 2) -> 270.3 | I56: =IF(ROUND(ABS(G56-Orçamento!G23),2)<0.01,"OK","DIVERGENTE") -> OK
A57: INSUMO | B57: CDHU | C57: B.01.000.010111 | D57: CARPINTEIRO | E57: H | F57: 0,1 | G57: 29.08 | H57: =ROUND(F57*G57,2) -> 2.91
A58: INSUMO | B58: CDHU | C58: B.01.000.010112 | D58: AJUDANTE DE CARPINTEIRO | E58: H | F58: 0,1 | G58: 23.9 | H58: =ROUND(F58*G58,2) -> 2.39
A60: 1.3.3 | B60: CDHU | C60: 05.07.050 | D60: REMOÇÃO DE ENTULHO DE OBRA COM CAÇAMBA METÁLICA - MATERIAL VOLUMOSO E MISTURADO POR ALVENARIA, TERRA, MADEIRA, PAPEL, PLÁSTICO E METAL | E60: M3 | F60: QTD: 4 | G60: =SUM(H61:H62) -> 137.9 | H60: =TRUNC(G60 * VALUE(SUBSTITUTE(F60,"QTD: ","")), 2) -> 551.6 | I60: =IF(ROUND(ABS(G60-Orçamento!G24),2)<0.01,"OK","DIVERGENTE") -> OK
A61: INSUMO | B61: CDHU | C61: A.05.000.020359 | D61: REMOÇÃO DE ENTULHO DE OBRA, MATERIAL VOLUMOSO (MISTURA DE ALVENARIA, TERRA, MADEIRA, PAPEL, PLÁSTICO E METAL), CAPACIDADE 4 M³ | E61: M3 | F61: 1 | G61: 123.56 | H61: =ROUND(F61*G61,2) -> 123.56
A62: INSUMO | B62: CDHU | C62: B.01.000.010146 | D62: SERVENTE | E62: H | F62: 0,6 | G62: 23.9 | H62: =ROUND(F62*G62,2) -> 14.34
A64: SUBTOTAL 1 | D64: SUBTOTAL DO GRUPO 1 | H64: =SUMIFS(H8:H63,A8:A63,"1.*",A8:A63,"<>INSUMO",A8:A63,"<>AUXILIAR*") -> 36727.54
A66: 2.1.1 | B66: CDHU | C66: 24.20.090 | D66: SOLDA MIG EM ESQUADRIAS METÁLICAS | E66: M | F66: QTD: 57,3 | G66: =SUM(H67:H70) -> 57.39 | H66: =TRUNC(G66 * VALUE(SUBSTITUTE(F66,"QTD: ","")), 2) -> 3288.44 | I66: =IF(ROUND(ABS(G66-Orçamento!G28),2)<0.01,"OK","DIVERGENTE") -> OK
A67: INSUMO | B67: CDHU | C67: A.05.000.027014 | D67: LOCAÇÃO MÁQUINAS DE SOLDA MIG/MAC, MODELO TRR 3410 MARCA BAMBOZZI OU EQUIVALENTE, (100% CICLO), PARA ARAME SÓLIDO/TUBULAR 0,8 ATÉ 1,6MM, TRIFÁSICOS, 220/380/440 V | E67: UNDIA | F67: 0,13 | G67: 23.97 | H67: =ROUND(F67*G67,2) -> 3.12
A68: INSUMO | B68: CDHU | C68: A.06.000.027013 | D68: GÁS PARA SOLDAGEM TIPO MIG, REF. COOGAR 215 OU EQUIVALENTE | E68: M3 | F68: 0,04 | G68: 43.59 | H68: =ROUND(F68*G68,2) -> 1.74
A69: INSUMO | B69: CDHU | C69: B.01.000.010148 | D69: SOLDADOR | E69: H | F69: 0,95 | G69: 34.83 | H69: =ROUND(F69*G69,2) -> 33.09
A70: INSUMO | B70: CDHU | C70: E.02.000.027011 | D70: ARAME TIPO MIG, DIÂMETRO DE 0,80 A 1,20 MM | E70: KG | F70: 1,13 | G70: 17.2 | H70: =ROUND(F70*G70,2) -> 19.44
A72: 2.1.2 | B72: CDHU | C72: 32.09.020 | D72: CHAPA DE AÇO EM BITOLAS MEDIAS | E72: KG | F72: QTD: 24,75 | G72: =SUM(H73:H75) -> 24.93 | H72: =TRUNC(G72 * VALUE(SUBSTITUTE(F72,"QTD: ","")), 2) -> 617.01 | I72: =IF(ROUND(ABS(G72-Orçamento!G29),2)<0.01,"OK","DIVERGENTE") -> OK
A73: INSUMO | B73: CDHU | C73: B.01.000.010101 | D73: AJUDANTE GERAL | E73: H | F73: 0,3 | G73: 23.9 | H73: =ROUND(F73*G73,2) -> 7.17
A74: INSUMO | B74: CDHU | C74: B.01.000.010139 | D74: PEDREIRO | E74: H | F74: 0,3 | G74: 29.08 | H74: =ROUND(F74*G74,2) -> 8.72
A75: INSUMO | B75: CDHU | C75: E.05.000.026662 | D75: CHAPA DE AÇO ASTM A-36 DE 1/4´ | E75: KG | F75: 1 | G75: 9.04 | H75: =ROUND(F75*G75,2) -> 9.04
A77: 2.1.3 | B77: CDHU | C77: 15.03.140 | D77: FORNECIMENTO E MONTAGEM DE ESTRUTURA TUBULAR EM AÇO ASTM-A572 GRAU 50, SEM PINTURA | E77: KG | F77: QTD: 122,15 | G77: =SUM(H78) -> 31.53 | H77: =TRUNC(G77 * VALUE(SUBSTITUTE(F77,"QTD: ","")), 2) -> 3851.38 | I77: =IF(ROUND(ABS(G77-Orçamento!G30),2)<0.01,"OK","DIVERGENTE") -> OK
A78: INSUMO | B78: CDHU | C78: E.04.000.037503 | D78: FORNECIMENTO E MONTAGEM DE ESTRUTURA TUBULAR EM AÇO ASTM-A572 GRAU 50, SEM PINTURA | E78: KG | F78: 1 | G78: 31.53 | H78: =ROUND(F78*G78,2) -> 31.53
A80: 2.1.4 | B80: SINAPI | C80: 100717 | D80: LIXAMENTO MANUAL EM SUPERFÍCIES METÁLICAS EM OBRA. AF_01/2020 | E80: M2 | F80: QTD: 142,19 | G80: =SUM(H81:H82) -> 12.79 | H80: =TRUNC(G80 * VALUE(SUBSTITUTE(F80,"QTD: ","")), 2) -> 1818.61 | I80: =IF(ROUND(ABS(G80-Orçamento!G31),2)<0.01,"OK","DIVERGENTE") -> OK
A81: AUXILIAR (N1) | B81: SINAPI | C81: 88310 | D81: PINTOR COM ENCARGOS COMPLEMENTARES | E81: H | F81: 0,2986 | G81: 38.83 | H81: =TRUNC(F81*G81,2) -> 11.59 | I81: =IFERROR(IF(ROUND(G81, 2) <> ROUND(VLOOKUP("C"&C81,C:G, 5, FALSE), 2), "VALOR AUXILIAR DIVERGENTE", "OK"), "NÃO ENCONTRADO") -> OK
A82: INSUMO | B82: SINAPI | C82: 3768 | D82: LIXA EM FOLHA PARA FERRO, NUMERO 150 | E82: UN | F82: 0,3 | G82: 4.03 | H82: =TRUNC(F82*G82,2) -> 1.2
A84: 2.1.5 | B84: CDHU | C84: 33.11.050 | D84: ESMALTE À BASE ÁGUA EM SUPERFÍCIE METÁLICA, INCLUSIVE PREPARO | E84: M2 | F84: QTD: 361,16 | G84: =SUM(H85:H89) -> 55.3 | H84: =TRUNC(G84 * VALUE(SUBSTITUTE(F84,"QTD: ","")), 2) -> 19972.14 | I84: =IF(ROUND(ABS(G84-Orçamento!G32),2)<0.01,"OK","DIVERGENTE") -> OK
A85: INSUMO | B85: CDHU | C85: B.01.000.010140 | D85: PINTOR | E85: H | F85: 0,6 | G85: 34.83 | H85: =ROUND(F85*G85,2) -> 20.9
A86: INSUMO | B86: CDHU | C86: B.01.000.010141 | D86: AJUDANTE DE PINTOR | E86: H | F86: 0,6 | G86: 23.9 | H86: =ROUND(F86*G86,2) -> 14.34
A87: INSUMO | B87: CDHU | C87: J.01.000.038040 | D87: LIXA D´ÁGUA, REF. NORTON N° 80, AQUAFLEX OU EQUIVALENTE | E87: UN | F87: 0,3 | G87: 2.27 | H87: =ROUND(F87*G87,2) -> 0.68
A88: INSUMO | B88: CDHU | C88: J.02.000.028058 | D88: TINTA ESMALTE PREMIUM, BASE ÁGUA, BRILHANTE/ACETINADO, VÁRIAS CORES, PINTURA INTERNA/EXTERNA, REF. CORALIT ZERO DA CORAL, FUTURA PREMIUM, SUVINIL PREMIUM, METALATEX ECO, SHERWIN WILLIAMS, OU EQUIVALENTE | E88: L | F88: 0,25 | G88: 42.1 | H88: =ROUND(F88*G88,2) -> 10.53
A89: INSUMO | B89: CDHU | C89: J.02.000.038000 | D89: FUNDO PREPARADOR BASE ÁGUA, PARA MADEIRA E METAIS; REF. FUNDO PREPARADOR CORALIT BALANCE DA CORAL, METALATEX ECO FUNDO ANTIFERRUGEM DA SHERWIN WILLIAMS, FUNDO PREPARADOR DA SUVINIL OU EQUIVALENTE | E89: L | F89: 0,2 | G89: 44.25 | H89: =ROUND(F89*G89,2) -> 8.85
A91: 2.1.6 | B91: SIURB - EDIF | C91: 17-003-065 | D91: TELA DE NYLON PARA COBERTURA DE QUADRA | E91: M2 | F91: QTD: 2,4 | G91: =SUM(H92) -> 26.51 | H91: =TRUNC(G91 * VALUE(SUBSTITUTE(F91,"QTD: ","")), 2) -> 63.62 | I91: =IF(ROUND(ABS(G91-Orçamento!G33),2)<0.01,"OK","DIVERGENTE") -> OK
A92: INSUMO | B92: SIURB - EDIF | C92: 38042 | D92: COBERTURA DE QUADRA POLIESPORTIVA COM TELA DE NYLON FIO 3MM (FORNECIMENTO E COLOCAÇÃO) | E92: M2 | F92: 1 | G92: 26.51 | H92: =ROUND(F92*G92,2) -> 26.51
A94: 2.2.1 | B94: SIURB - EDIF | C94: 18-013-046 | D94: RV.11 - TANQUE DE AREIA - GENÉRICO - FORNECIMENTO E APLICAÇÃO DE AREIA LAVADA | E94: M3 | F94: QTD: 135 | G94: =SUM(H95:H96) -> 213.59 | H94: =TRUNC(G94 * VALUE(SUBSTITUTE(F94,"QTD: ","")), 2) -> 28834.65 | I94: =IF(ROUND(ABS(G94-Orçamento!G35),2)<0.01,"OK","DIVERGENTE") -> OK
A95: INSUMO | B95: SIURB - EDIF | C95: 02099 | D95: SERVENTE (SGSP) | E95: H | F95: 1,0003 | G95: 27.12 | H95: =ROUND(F95*G95,2) -> 27.13
A96: INSUMO | B96: SIURB - EDIF | C96: 10501 | D96: AREIA LAVADA | E96: M3 | F96: 1 | G96: 186.46 | H96: =ROUND(F96*G96,2) -> 186.46
A98: 2.3.1 | B98: SINAPI | C98: 103195 | D98: INSTALAÇÃO DE PLACA ORIENTATIVA SOBRE EXERCÍCIOS, 2,00M X 1,00M, EM TUBO DE AÇO CARBONO - PARA ACADEMIA AO AR LIVRE / ACADEMIA DA TERCEIRA IDADE - ATI, INSTALADO SOBRE SOLO. AF_10/2021 | E98: UN | F98: QTD: 1 | G98: =SUM(H99:H103) -> 2222.25 | H98: =TRUNC(G98 * VALUE(SUBSTITUTE(F98,"QTD: ","")), 2) -> 2222.25 | I98: =IF(ROUND(ABS(G98-Orçamento!G37),2)<0.01,"OK","DIVERGENTE") -> OK
A99: AUXILIAR (N1) | B99: SINAPI | C99: 102486 | D99: CONCRETO FCK = 15MPA, TRAÇO 1:3,4:3,4 (EM MASSA SECA DE CIMENTO/ AREIA MÉDIA/ SEIXO ROLADO) - PREPARO MANUAL. AF_05/2021 | E99: M3 | F99: 0,0569 | G99: 646.09 | H99: =TRUNC(F99*G99,2) -> 36.76 | I99: =IFERROR(IF(ROUND(G99, 2) <> ROUND(VLOOKUP("C"&C99,C:G, 5, FALSE), 2), "VALOR AUXILIAR DIVERGENTE", "OK"), "NÃO ENCONTRADO") -> OK
A100: AUXILIAR (N1) | B100: SINAPI | C100: 88316 | D100: SERVENTE COM ENCARGOS COMPLEMENTARES | E100: H | F100: 0,8862 | G100: 32.18 | H100: =TRUNC(F100*G100,2) -> 28.51 | I100: =IFERROR(IF(ROUND(G100, 2) <> ROUND(VLOOKUP("C"&C100,C:G, 5, FALSE), 2), "VALOR AUXILIAR DIVERGENTE", "OK"), "NÃO ENCONTRADO") -> OK
A101: AUXILIAR (N1) | B101: SINAPI | C101: 88309 | D101: PEDREIRO COM ENCARGOS COMPLEMENTARES | E101: H | F101: 1,7724 | G101: 37.26 | H101: =TRUNC(F101*G101,2) -> 66.03 | I101: =IFERROR(IF(ROUND(G101, 2) <> ROUND(VLOOKUP("C"&C101,C:G, 5, FALSE), 2), "VALOR AUXILIAR DIVERGENTE", "OK"), "NÃO ENCONTRADO") -> OK
A102: INSUMO | B102: SINAPI | C102: 42438 | D102: PLACA ORIENTATIVA SOBRE EXERCICIOS, 2,00 M X 1,00 M (CHAPA GALVANIZADA #20), ESTRUTURA EM TUBOS REDONDOS DE ACO CARBONO, PINTURA NO PROCESSO ELETROSTATICO, ADESIVO FRENTE E VERSO - PARA ACADEMIA AO AR LIVRE / ACADEMIA DA TERCEIRA IDADE - ATI | E102: UN | F102: 1 | G102: 2090.75 | H102: =TRUNC(F102*G102,2) -> 2090.75
A103: INSUMO | B103: SINAPI | C103: 4721 | D103: PEDRA BRITADA N. 1 (9,5 A 19 MM) POSTO PEDREIRA/FORNECEDOR, SEM FRETE | E103: M3 | F103: 0,0024 | G103: 87.1 | H103: =TRUNC(F103*G103,2) -> 0.2
A105: 2.3.2 | B105: SIURB - EDIF | C105: 17-003-063 | D105: TABELA PARA BASQUETE, ENGLOBANDO DESDE FUNDAÇÃO ATÉ A CESTA DE NYLON | E105: UN | F105: QTD: 1 | G105: =SUM(H106:H124) -> 7547.14 | H105: =TRUNC(G105 * VALUE(SUBSTITUTE(F105,"QTD: ","")), 2) -> 7547.14 | I105: =IF(ROUND(ABS(G105-Orçamento!G38),2)<0.01,"OK","DIVERGENTE") -> OK
A106: INSUMO | B106: SIURB - EDIF | C106: 02013 | D106: CARPINTEIRO (SGSP) | E106: H | F106: 16,6825 | G106: 35.1 | H106: =ROUND(F106*G106,2) -> 585.56
A107: INSUMO | B107: SIURB - EDIF | C107: 02015 | D107: FERREIRO (SGSP) | E107: H | F107: 9,1024 | G107: 34.89 | H107: =ROUND(F107*G107,2) -> 317.58
A108: INSUMO | B108: SIURB - EDIF | C108: 02020 | D108: PEDREIRO (SGSP) | E108: H | F108: 10,2117 | G108: 33.71 | H108: =ROUND(F108*G108,2) -> 344.24
A109: INSUMO | B109: SIURB - EDIF | C109: 02075 | D109: PINTOR (SGSP) | E109: H | F109: 2,0602 | G109: 35.9 | H109: =ROUND(F109*G109,2) -> 73.96
A110: INSUMO | B110: SIURB - EDIF | C110: 02099 | D110: SERVENTE (SGSP) | E110: H | F110: 58,3946 | G110: 27.12 | H110: =ROUND(F110*G110,2) -> 1583.66
A111: INSUMO | B111: SIURB - EDIF | C111: 10524 | D111: CONCRETO USINADO, BRITA 1E2,SLUMP 5+OU-1cm / FCK= 20,0MPA | E111: M3 | F111: 1,10 | G111: 504.7 | H111: =ROUND(F111*G111,2) -> 555.17
A112: INSUMO | B112: SIURB - EDIF | C112: 10608 | D112: CONCRETO FCK=15MPA C/ BRITA 2 | E112: M3 | F112: 0,49 | G112: 473.8 | H112: =ROUND(F112*G112,2) -> 232.16
A113: INSUMO | B113: SIURB - EDIF | C113: 11046 | D113: PINUS - PONTALETE DE 3" X 3" - BRUTO | E113: M | F113: 20,25 | G113: 7.59 | H113: =ROUND(F113*G113,2) -> 153.7
A114: INSUMO | B114: SIURB - EDIF | C114: 11064 | D114: PINUS - SARRAFO DE 1" X 2" - BRUTO | E114: M | F114: 4,32 | G114: 1.51 | H114: =ROUND(F114*G114,2) -> 6.52
A115: INSUMO | B115: SIURB - EDIF | C115: 11070 | D115: PINUS - TÁBUA DE 1" X 12" - BRUTA | E115: M | F115: 5,86 | G115: 11.44 | H115: =ROUND(F115*G115,2) -> 67.04
A116: INSUMO | B116: SIURB - EDIF | C116: 11510 | D116: AÇO CA-50A OU B - MÉDIA BITOLAS | E116: KG | F116: 127,5810 | G116: 6.33 | H116: =ROUND(F116*G116,2) -> 807.59
A117: INSUMO | B117: SIURB - EDIF | C117: 15505 | D117: ESTRUTURA METÁLICA INCL. ANTIFERRUGINOSA | E117: KG | F117: 52,9853 | G117: 15.84 | H117: =ROUND(F117*G117,2) -> 839.29
... A124: INSUMO | B124: SIURB - EDIF | C124: 39020 | D124: GALVANIZAÇÃO ELETROLÍTICA (ENTRE 8 E 10 MÍCRONS) EM PEÇAS DE FERRO ACAB. BRANCO | E124: Kg | F124: 55,0 | G124: 6.5 | H124: =ROUND(F124*G124,2) -> 357.5
A126: 2.4.1 | B126: SIURB - EDIF | C126: 03-040-005 | D126: LIMPEZA DE SUPERFÍCIES COM HIDROJATEAMENTO | E126: M2 | F126: QTD: 630 | G126: =SUM(H127:H129) -> 4.67 | H126: =TRUNC(G126 * VALUE(SUBSTITUTE(F126,"QTD: ","")), 2) -> 2942.1 | I126: =IF(ROUND(ABS(G126-Orçamento!G40),2)<0.01,"OK","DIVERGENTE") -> OK
A127: INSUMO | B127: SIURB - EDIF | C127: 02099 | D127: SERVENTE (SGSP) | E127: H | F127: 0,088 | G127: 27.12 | H127: =ROUND(F127*G127,2) -> 2.39
A128: INSUMO | B128: SIURB - EDIF | C128: 84001 | D128: ÁGUA - FORNECIMENTO EM CARRO PIPA PARTICULAR DE 6000 L OBS.: ÁGUA POTÁVEL - PREÇO "A RETIRAR" NA SABESP | E128: M3 | F128: 0,03 | G128: 66.13 | H128: =ROUND(F128*G128,2) -> 1.98
A129: INSUMO | B129: SIURB - EDIF | C129: 94249 | D129: LAVADORA JATO D'AGUA DE ALTA PRESSAO | E129: H | F129: 0,088 | G129: 3.36 | H129: =ROUND(F129*G129,2) -> 0.3
A131: SUBTOTAL 2 | D131: SUBTOTAL DO GRUPO 2 | H131: =SUMIFS(H8:H130,A8:A130,"2.*",A8:A130,"<>INSUMO",A8:A130,"<>AUXILIAR*") -> 71157.34
A133: 3.1.1 | B133: SINAPI | C133: 103195 | D133: INSTALAÇÃO DE PLACA ORIENTATIVA SOBRE EXERCÍCIOS, 2,00M X 1,00M, EM TUBO DE AÇO CARBONO - PARA ACADEMIA AO AR LIVRE / ACADEMIA DA TERCEIRA IDADE - ATI, INSTALADO SOBRE SOLO. AF_10/2021 | E133: UN | F133: QTD: 1 | G133: =SUM(H134:H138) -> 2222.25 | H133: =TRUNC(G133 * VALUE(SUBSTITUTE(F133,"QTD: ","")), 2) -> 2222.25 | I133: =IF(ROUND(ABS(G133-Orçamento!G44),2)<0.01,"OK","DIVERGENTE") -> OK
A134: AUXILIAR (N1) | B134: SINAPI | C134: 102486 | D134: CONCRETO FCK = 15MPA, TRAÇO 1:3,4:3,4 (EM MASSA SECA DE CIMENTO/ AREIA MÉDIA/ SEIXO ROLADO) - PREPARO MANUAL. AF_05/2021 | E134: M3 | F134: 0,0569 | G134: 646.09 | H134: =TRUNC(F134*G134,2) -> 36.76 | I134: =IFERROR(IF(ROUND(G134, 2) <> ROUND(VLOOKUP("C"&C134,C:G, 5, FALSE), 2), "VALOR AUXILIAR DIVERGENTE", "OK"), "NÃO ENCONTRADO") -> OK
...

Sheet Cronograma Auxiliar
A1: NÃO ALTERAR ESSA ABA. TRATA-SE DE BASE DE DADOS PARA AS DEMAIS. NÃO É NECESSÁRIA A IMPRESSÃO.
L6: =COLUMN() -> 12 | N6: =COLUMN() -> 14 | P6: =COLUMN() -> 16
A8: ITEM | B8: DISCRIMINAÇÃO DO SERVIÇO | C8: 1º MÊS | D8: 2º MÊS | E8: 3º MÊS | F8: UNIDADE | G8: QUANTIDADE TOTAL | H8: PREÇO UNITÁRIO (C/ BDI) | I8: PREÇO TOTAL (COM BDI) | K8: 1º MÊS | M8: 2º MÊS | O8: 3º MÊS | S8: CONFERÊNCIA
A9: 1 | B9: =VLOOKUP($A9,Orçamento!$A$9:$J$95,4,0) -> SERVIÇOS PRELIMINARES | K9: QTDE | L9: Valor | M9: QTDE | N9: Valor | O9: QTDE | P9: Valor
A10: 1.1 | B10: =VLOOKUP($A10,Orçamento!$A$9:$J$95,4,0) -> CANTEIRO DE OBRAS | C10: EVENTO 1 | D10: EVENTO 2 | E10: EVENTO 3 | L10: =SUM(L11:L14) -> 10025.1 | N10: =SUM(N11:N14) -> 2805.24 | P10: =SUM(P11:P14) -> 2805.24
A11: 1.1.1 | B11: =VLOOKUP($A11,Orçamento!$A$9:$J$95,4,0) -> PLACA EM LONA COM IMPRESSÃO DIGITAL E REQUADRO EM METALON | C11: =IF(K11=0,"",CONCATENATE(K11," ",$F11)) -> 6 M2 | D11: =IF(M11=0,"",CONCATENATE(M11," ",$F11)) | E11: =IF(O11=0,"",CONCATENATE(O11," ",$F11)) | F11: =VLOOKUP($A11,Orçamento!$A$9:$J$95,5,0) -> M2 | G11: =VLOOKUP($A11,Orçamento!$A$9:$J$95,6,0) -> 6 | H11: =VLOOKUP($A11,Orçamento!$A$9:$J$95,8,0) -> 556.06 | I11: =VLOOKUP($A11,Orçamento!$A$9:$J$95,10,0) -> 3336.36 | K11: 6 | L11: =IF(K11=0,"",TRUNC($H11*K11,2)) -> 3336.36 | N11: =IF(M11=0,"",TRUNC($H11*M11,2)) | P11: =IF(O11=0,"",TRUNC($H11*O11,2)) | S11: =SUMIF($K$9:$P$9,$K$9,K11:P11) -> 6 | T11: =IF(S11=G11,"","FALTA") | U11: =SUMIF($K$9:$P$9,$L$9,K11:P11) -> 3336.36 | V11: =IF(U11=I11,"","FALTA")
A12: 1.1.2 | B12: =VLOOKUP($A12,Orçamento!$A$9:$J$95,4,0) -> BANHEIRO QUÍMICO MODELO STANDARD, COM MANUTENÇÃO CONFORME EXIGÊNCIAS DA CETESB | C12: =IF(K12=0,"",CONCATENATE(K12," ",$F12)) -> 1 UNMES | D12: =IF(M12=0,"",CONCATENATE(M12," ",$F12)) -> 1 UNMES | E12: =IF(O12=0,"",CONCATENATE(O12," ",$F12)) -> 1 UNMES | F12: =VLOOKUP($A12,Orçamento!$A$9:$J$95,5,0) -> UNMES | G12: =VLOOKUP($A12,Orçamento!$A$9:$J$95,6,0) -> 3 | H12: =VLOOKUP($A12,Orçamento!$A$9:$J$95,8,0) -> 1556.39 | I12: =VLOOKUP($A12,Orçamento!$A$9:$J$95,10,0) -> 4669.17 | K12: 1 | L12: =IF(K12=0,"",TRUNC($H12*K12,2)) -> 1556.39 | M12: 1 | N12: =IF(M12=0,"",TRUNC($H12*M12,2)) -> 1556.39 | O12: 1 | P12: =IF(O12=0,"",TRUNC($H12*O12,2)) -> 1556.39 | S12: =SUMIF($K$9:$P$9,$K$9,K12:P12) -> 3 | T12: =IF(S12=G12,"","FALTA") | U12: =SUMIF($K$9:$P$9,$L$9,K12:P12) -> 4669.17 | V12: =IF(U12=I12,"","FALTA")
A13: 1.1.3 | B13: =VLOOKUP($A13,Orçamento!$A$9:$J$95,4,0) -> LOCAÇÃO DE CONTAINER TIPO DEPÓSITO - ÁREA MÍNIMA DE 13,80 M² | C13: =IF(K13=0,"",CONCATENATE(K13," ",$F13)) -> 1 UNMES | D13: =IF(M13=0,"",CONCATENATE(M13," ",$F13)) -> 1 UNMES | E13: =IF(O13=0,"",CONCATENATE(O13," ",$F13)) -> 1 UNMES | F13: =VLOOKUP($A13,Orçamento!$A$9:$J$95,5,0) -> UNMES | G13: =VLOOKUP($A13,Orçamento!$A$9:$J$95,6,0) -> 3 | H13: =VLOOKUP($A13,Orçamento!$A$9:$J$95,8,0) -> 1248.85 | I13: =VLOOKUP($A13,Orçamento!$A$9:$J$95,10,0) -> 3746.55 | K13: 1 | L13: =IF(K13=0,"",TRUNC($H13*K13,2)) -> 1248.85 | M13: 1 | N13: =IF(M13=0,"",TRUNC($H13*M13,2)) -> 1248.85 | O13: 1 | P13: =IF(O13=0,"",TRUNC($H13*O13,2)) -> 1248.85 | S13: =SUMIF($K$9:$P$9,$K$9,K13:P13) -> 3 | T13: =IF(S13=G13,"","FALTA") | U13: =SUMIF($K$9:$P$9,$L$9,K13:P13) -> 3746.55 | V13: =IF(U13=I13,"","FALTA")
A14: 1.1.4 | B14: =VLOOKUP($A14,Orçamento!$A$9:$J$95,4,0) -> TELA PARA PROTEÇÃO DE OBRAS, MALHA 2 MM | C14: =IF(K14=0,"",CONCATENATE(K14," ",$F14)) -> 90 M2 | D14: =IF(M14=0,"",CONCATENATE(M14," ",$F14)) | E14: =IF(O14=0,"",CONCATENATE(O14," ",$F14)) | F14: =VLOOKUP($A14,Orçamento!$A$9:$J$95,5,0) -> M2 | G14: =VLOOKUP($A14,Orçamento!$A$9:$J$95,6,0) -> 90 | H14: =VLOOKUP($A14,Orçamento!$A$9:$J$95,8,0) -> 43.15 | I14: =VLOOKUP($A14,Orçamento!$A$9:$J$95,10,0) -> 3883.5 | K14: 90 | L14: =IF(K14=0,"",TRUNC($H14*K14,2)) -> 3883.5 | N14: =IF(M14=0,"",TRUNC($H14*M14,2)) | P14: =IF(O14=0,"",TRUNC($H14*O14,2)) | S14: =SUMIF($K$9:$P$9,$K$9,K14:P14) -> 90 | T14: =IF(S14=G14,"","FALTA") | U14: =SUMIF($K$9:$P$9,$L$9,K14:P14) -> 3883.5 | V14: =IF(U14=I14,"","FALTA")
A16: 1.2 | B16: =VLOOKUP($A16,Orçamento!$A$9:$J$95,4,0) -> LIMPEZA DO TERRENO | C16: EVENTO 4 | L16: =SUM(L17:L21) -> 25869.37 | N16: =SUM(N17:N21) -> 0 | P16: =SUM(P17:P21) -> 0
A17: 1.2.1 | B17: =VLOOKUP($A17,Orçamento!$A$9:$J$95,4,0) -> LIMPEZA MECANIZADA DE CAMADA VEGETAL, VEGETAÇÃO E PEQUENAS ÁRVORES (DIÂMETRO DE TRONCO MENOR QUE 0,20 M), COM TRATOR DE ESTEIRAS. AF_03/2024 | C17: =IF(K17=0,"",CONCATENATE(K17," ",$F17)) -> 900 M2 | D17: =IF(M17=0,"",CONCATENATE(M17," ",$F17)) | E17: =IF(O17=0,"",CONCATENATE(O17," ",$F17)) | F17: =VLOOKUP($A17,Orçamento!$A$9:$J$95,5,0) -> M2 | G17: =VLOOKUP($A17,Orçamento!$A$9:$J$95,6,0) -> 900 | H17: =VLOOKUP($A17,Orçamento!$A$9:$J$95,8,0) -> 0.93 | I17: =VLOOKUP($A17,Orçamento!$A$9:$J$95,10,0) -> 837 | K17: 900 | L17: =IF(K17=0,"",TRUNC($H17*K17,2)) -> 837 | N17: =IF(M17=0,"",TRUNC($H17*M17,2)) | P17: =IF(O17=0,"",TRUNC($H17*O17,2)) | S17: =SUMIF($K$9:$P$9,$K$9,K17:P17) -> 900 | T17: =IF(S17=G17,"","FALTA") | U17: =SUMIF($K$9:$P$9,$L$9,K17:P17) -> 837 | V17: =IF(U17=I17,"","FALTA")
A18: 1.2.2 | B18: =VLOOKUP($A18,Orçamento!$A$9:$J$95,4,0) -> ESCAVAÇÃO MANUAL EM SOLO DE 1ª E 2ª CATEGORIA EM CAMPO ABERTO | C18: =IF(K18=0,"",CONCATENATE(K18," ",$F18)) -> 135 M3 | D18: =IF(M18=0,"",CONCATENATE(M18," ",$F18)) | E18: =IF(O18=0,"",CONCATENATE(O18," ",$F18)) | F18: =VLOOKUP($A18,Orçamento!$A$9:$J$95,5,0) -> M3 | G18: =VLOOKUP($A18,Orçamento!$A$9:$J$95,6,0) -> 135 | H18: =VLOOKUP($A18,Orçamento!$A$9:$J$95,8,0) -> 73.81 | I18: =VLOOKUP($A18,Orçamento!$A$9:$J$95,10,0) -> 9964.35 | K18: 135 | L18: =IF(K18=0,"",TRUNC($H18*K18,2)) -> 9964.35 | N18: =IF(M18=0,"",TRUNC($H18*M18,2)) | P18: =IF(O18=0,"",TRUNC($H18*O18,2)) | S18: =SUMIF($K$9:$P$9,$K$9,K18:P18) -> 135 | T18: =IF(S18=G18,"","FALTA") | U18: =SUMIF($K$9:$P$9,$L$9,K18:P18) -> 9964.35 | V18: =IF(U18=I18,"","FALTA")
A19: 1.2.3 | B19: =VLOOKUP($A19,Orçamento!$A$9:$J$95,4,0) -> CARGA, MANOBRA E DESCARGA DE SOLOS E MATERIAIS GRANULARES EM CAMINHÃO BASCULANTE 18 M³ - CARGA COM ESCAVADEIRA HIDRÁULICA (CAÇAMBA DE 1,20 M³ / 155 HP) E DESCARGA LIVRE (UNIDADE: M3). AF_02/2026 | C19: =IF(K19=0,"",CONCATENATE(K19," ",$F19)) -> 199,26 M3 | D19: =IF(M19=0,"",CONCATENATE(M19," ",$F19)) | E19: =IF(O19=0,"",CONCATENATE(O19," ",$F19)) | F19: =VLOOKUP($A19,Orçamento!$A$9:$J$95,5,0) -> M3 | G19: =VLOOKUP($A19,Orçamento!$A$9:$J$95,6,0) -> 199.26 | H19: =VLOOKUP($A19,Orçamento!$A$9:$J$95,8,0) -> 8.49 | I19: =VLOOKUP($A19,Orçamento!$A$9:$J$95,10,0) -> 1691.71 | K19: 199.26 | L19: =IF(K19=0,"",TRUNC($H19*K19,2)) -> 1691.71 | N19: =IF(M19=0,"",TRUNC($H19*M19,2)) | P19: =IF(O19=0,"",TRUNC($H19*O19,2)) | S19: =SUMIF($K$9:$P$9,$K$9,K19:P19) -> 199.26 | T19: =IF(S19=G19,"","FALTA") | U19: =SUMIF($K$9:$P$9,$L$9,K19:P19) -> 1691.71 | V19: =IF(U19=I19,"","FALTA")
A20: 1.2.4 | B20: =VLOOKUP($A20,Orçamento!$A$9:$J$95,4,0) -> TRANSPORTE COM CAMINHÃO BASCULANTE DE 18 M³, EM VIA URBANA PAVIMENTADA, DMT ATÉ 30 KM (UNIDADE: M3XKM). AF_02/2026 | C20: =IF(K20=0,"",CONCATENATE(K20," ",$F20)) -> 2191,86 M3XKM | D20: =IF(M20=0,"",CONCATENATE(M20," ",$F20)) | E20: =IF(O20=0,"",CONCATENATE(O20," ",$F20)) | F20: =VLOOKUP($A20,Orçamento!$A$9:$J$95,5,0) -> M3XKM | G20: =VLOOKUP($A20,Orçamento!$A$9:$J$95,6,0) -> 2191.86 | H20: =VLOOKUP($A20,Orçamento!$A$9:$J$95,8,0) -> 2.58 | I20: =VLOOKUP($A20,Orçamento!$A$9:$J$95,10,0) -> 5654.99 | K20: 2191.86 | L20: =IF(K20=0,"",TRUNC($H20*K20,2)) -> 5654.99 | N20: =IF(M20=0,"",TRUNC($H20*M20,2)) | P20: =IF(O20=0,"",TRUNC($H20*O20,2)) | S20: =SUMIF($K$9:$P$9,$K$9,K20:P20) -> 2191.86 | T20: =IF(S20=G20,"","FALTA") | U20: =SUMIF($K$9:$P$9,$L$9,K20:P20) -> 5654.99 | V20: =IF(U20=I20,"","FALTA")
A21: 1.2.5 | B21: =VLOOKUP($A21,Orçamento!$A$9:$J$95,4,0) -> TAXA DE DESTINAÇÃO DE RESÍDUO SÓLIDO EM ATERRO, TIPO SOLO/TERRA | C21: =IF(K21=0,"",CONCATENATE(K21," ",$F21)) -> 199,26 M3 | D21: =IF(M21=0,"",CONCATENATE(M21," ",$F21)) | E21: =IF(O21=0,"",CONCATENATE(O21," ",$F21)) | F21: =VLOOKUP($A21,Orçamento!$A$9:$J$95,5,0) -> M3 | G21: =VLOOKUP($A21,Orçamento!$A$9:$J$95,6,0) -> 199.26 | H21: =VLOOKUP($A21,Orçamento!$A$9:$J$95,8,0) -> 38.75 | I21: =VLOOKUP($A21,Orçamento!$A$9:$J$95,10,0) -> 7721.32 | K21: 199.26 | L21: =IF(K21=0,"",TRUNC($H21*K21,2)) -> 7721.32 | N21: =IF(M21=0,"",TRUNC($H21*M21,2)) | P21: =IF(O21=0,"",TRUNC($H21*O21,2)) | S21: =SUMIF($K$9:$P$9,$K$9,K21:P21) -> 199.26 | T21: =IF(S21=G21,"","FALTA") | U21: =SUMIF($K$9:$P$9,$L$9,K21:P21) -> 7721.32 | V21: =IF(U21=I21,"","FALTA")
A23: 1.3 | B23: =VLOOKUP($A23,Orçamento!$A$9:$J$95,4,0) -> RETIRADA DE ENTULHOS | C23: EVENTO 5 | L23: =SUM(L24:L26) -> 3849.37 | N23: =SUM(N24:N26) -> 0 | P23: =SUM(P24:P26) -> 0
A24: 1.3.1 | B24: =VLOOKUP($A24,Orçamento!$A$9:$J$95,4,0) -> RETIRADA DE ESTRUTURA METÁLICA | C24: =IF(K24=0,"",CONCATENATE(K24," ",$F24)) -> 896,96 KG | D24: =IF(M24=0,"",CONCATENATE(M24," ",$F24)) | E24: =IF(O24=0,"",CONCATENATE(O24," ",$F24)) | F24: =VLOOKUP($A24,Orçamento!$A$9:$J$95,5,0) -> KG | G24: =VLOOKUP($A24,Orçamento!$A$9:$J$95,6,0) -> 896.96 | H24: =VLOOKUP($A24,Orçamento!$A$9:$J$95,8,0) -> 3.16 | I24: =VLOOKUP($A24,Orçamento!$A$9:$J$95,10,0) -> 2834.39 | K24: 896.96 | L24: =IF(K24=0,"",TRUNC($H24*K24,2)) -> 2834.39 | N24: =IF(M24=0,"",TRUNC($H24*M24,2)) | P24: =IF(O24=0,"",TRUNC($H24*O24,2)) | S24: =SUMIF($K$9:$P$9,$K$9,K24:P24) -> 896.96 | T24: =IF(S24=G24,"","FALTA") | U24: =SUMIF($K$9:$P$9,$L$9,K24:P24) -> 2834.39 | V24: =IF(U24=I24,"","FALTA")
A25: 1.3.2 | B25: =VLOOKUP($A25,Orçamento!$A$9:$J$95,4,0) -> RETIRADA DE PEÇAS LINEARES EM MADEIRA COM SEÇÃO SUPERIOR A 60 CM² | C25: =IF(K25=0,"",CONCATENATE(K25," ",$F25)) -> 51 M | D25: =IF(M25=0,"",CONCATENATE(M25," ",$F25)) | E25: =IF(O25=0,"",CONCATENATE(O25," ",$F25)) | F25: =VLOOKUP($A25,Orçamento!$A$9:$J$95,5,0) -> M | G25: =VLOOKUP($A25,Orçamento!$A$9:$J$95,6,0) -> 51 | H25: =VLOOKUP($A25,Orçamento!$A$9:$J$95,8,0) -> 6.54 | I25: =VLOOKUP($A25,Orçamento!$A$9:$J$95,10,0) -> 333.54 | K25: 51 | L25: =IF(K25=0,"",TRUNC($H25*K25,2)) -> 333.54 | N25: =IF(M25=0,"",TRUNC($H25*M25,2)) | P25: =IF(O25=0,"",TRUNC($H25*O25,2)) | S25: =SUMIF($K$9:$P$9,$K$9,K25:P25) -> 51 | T25: =IF(S25=G25,"","FALTA") | U25: =SUMIF($K$9:$P$9,$L$9,K25:P25) -> 333.54 | V25: =IF(U25=I25,"","FALTA")
A26: 1.3.3 | B26: =VLOOKUP($A26,Orçamento!$A$9:$J$95,4,0) -> REMOÇÃO DE ENTULHO DE OBRA COM CAÇAMBA METÁLICA - MATERIAL VOLUMOSO E MISTURADO POR ALVENARIA, TERRA, MADEIRA, PAPEL, PLÁSTICO E METAL | C26: =IF(K26=0,"",CONCATENATE(K26," ",$F26)) -> 4 M3 | D26: =IF(M26=0,"",CONCATENATE(M26," ",$F26)) | E26: =IF(O26=0,"",CONCATENATE(O26," ",$F26)) | F26: =VLOOKUP($A26,Orçamento!$A$9:$J$95,5,0) -> M3 | G26: =VLOOKUP($A26,Orçamento!$A$9:$J$95,6,0) -> 4 | H26: =VLOOKUP($A26,Orçamento!$A$9:$J$95,8,0) -> 170.36 | I26: =VLOOKUP($A26,Orçamento!$A$9:$J$95,10,0) -> 681.44 | K26: 4 | L26: =IF(K26=0,"",TRUNC($H26*K26,2)) -> 681.44 | N26: =IF(M26=0,"",TRUNC($H26*M26,2)) | P26: =IF(O26=0,"",TRUNC($H26*O26,2)) | S26: =SUMIF($K$9:$P$9,$K$9,K26:P26) -> 4 | T26: =IF(S26=G26,"","FALTA") | U26: =SUMIF($K$9:$P$9,$L$9,K26:P26) -> 681.44 | V26: =IF(U26=I26,"","FALTA")
A28: 2 | B28: =VLOOKUP($A28,Orçamento!$A$9:$J$95,4,0) -> PLAYGROUND EXISTENTE
A29: 2.1 | B29: =VLOOKUP($A29,Orçamento!$A$9:$J$95,4,0) -> REVITALIZAÇÃO DOS BRINQUEDOS EXISTENTES | D29: EVENTO 6 | E29: EVENTO 7 | L29: =SUM(L30:L35) -> 0 | N29: =SUM(N30:N35) -> 36499.21 | P29: =SUM(P30:P35) -> 78.6
A30: 2.1.1 | B30: =VLOOKUP($A30,Orçamento!$A$9:$J$95,4,0) -> SOLDA MIG EM ESQUADRIAS METÁLICAS | C30: =IF(K30=0,"",CONCATENATE(K30," ",$F30)) | D30: =IF(M30=0,"",CONCATENATE(M30," ",$F30)) -> 57,3 M | E30: =IF(O30=0,"",CONCATENATE(O30," ",$F30)) | F30: =VLOOKUP($A30,Orçamento!$A$9:$J$95,5,0) -> M | G30: =VLOOKUP($A30,Orçamento!$A$9:$J$95,6,0) -> 57.3 | H30: =VLOOKUP($A30,Orçamento!$A$9:$J$95,8,0) -> 70.89 | I30: =VLOOKUP($A30,Orçamento!$A$9:$J$95,10,0) -> 4061.99 | L30: =IF(K30=0,"",TRUNC($H30*K30,2)) | M30: 57.3 | N30: =IF(M30=0,"",TRUNC($H30*M30,2)) -> 4061.99 | P30: =IF(O30=0,"",TRUNC($H30*O30,2)) | S30: =SUMIF($K$9:$P$9,$K$9,K30:P30) -> 57.3 | T30: =IF(S30=G30,"","FALTA") | U30: =SUMIF($K$9:$P$9,$L$9,K30:P30) -> 4061.99 | V30: =IF(U30=I30,"","FALTA")
A31: 2.1.2 | B31: =VLOOKUP($A31,Orçamento!$A$9:$J$95,4,0) -> CHAPA DE AÇO EM BITOLAS MEDIAS | C31: =IF(K31=0,"",CONCATENATE(K31," ",$F31)) | D31: =IF(M31=0,"",CONCATENATE(M31," ",$F31)) -> 24,75 KG | E31: =IF(O31=0,"",CONCATENATE(O31," ",$F31)) | F31: =VLOOKUP($A31,Orçamento!$A$9:$J$95,5,0) -> KG | G31: =VLOOKUP($A31,Orçamento!$A$9:$J$95,6,0) -> 24.75 | H31: =VLOOKUP($A31,Orçamento!$A$9:$J$95,8,0) -> 30.79 | I31: =VLOOKUP($A31,Orçamento!$A$9:$J$95,10,0) -> 762.05 | L31: =IF(K31=0,"",TRUNC($H31*K31,2)) | M31: 24.75 | N31: =IF(M31=0,"",TRUNC($H31*M31,2)) -> 762.05 | P31: =IF(O31=0,"",TRUNC($H31*O31,2)) | S31: =SUMIF($K$9:$P$9,$K$9,K31:P31) -> 24.75 | T31: =IF(S31=G31,"","FALTA") | U31: =SUMIF($K$9:$P$9,$L$9,K31:P31) -> 762.05 | V31: =IF(U31=I31,"","FALTA")
A32: 2.1.3 | B32: =VLOOKUP($A32,Orçamento!$A$9:$J$95,4,0) -> FORNECIMENTO E MONTAGEM DE ESTRUTURA TUBULAR EM AÇO ASTM-A572 GRAU 50, SEM PINTURA | C32: =IF(K32=0,"",CONCATENATE(K32," ",$F32)) | D32: =IF(M32=0,"",CONCATENATE(M32," ",$F32)) -> 122,15 KG | E32: =IF(O32=0,"",CONCATENATE(O32," ",$F32)) | F32: =VLOOKUP($A32,Orçamento!$A$9:$J$95,5,0) -> KG | G32: =VLOOKUP($A32,Orçamento!$A$9:$J$95,6,0) -> 122.15 | H32: =VLOOKUP($A32,Orçamento!$A$9:$J$95,8,0) -> 38.95 | I32: =VLOOKUP($A32,Orçamento!$A$9:$J$95,10,0) -> 4757.74 | L32: =IF(K32=0,"",TRUNC($H32*K32,2)) | M32: 122.15 | N32: =IF(M32=0,"",TRUNC($H32*M32,2)) -> 4757.74 | P32: =IF(O32=0,"",TRUNC($H32*O32,2)) | S32: =SUMIF($K$9:$P$9,$K$9,K32:P32) -> 122.15 | T32: =IF(S32=G32,"","FALTA") | U32: =SUMIF($K$9:$P$9,$L$9,K32:P32) -> 4757.74 | V32: =IF(U32=I32,"","FALTA")
A33: 2.1.4 | B33: =VLOOKUP($A33,Orçamento!$A$9:$J$95,4,0) -> LIXAMENTO MANUAL EM SUPERFÍCIES METÁLICAS EM OBRA. AF_01/2020 | C33: =IF(K33=0,"",CONCATENATE(K33," ",$F33)) | D33: =IF(M33=0,"",CONCATENATE(M33," ",$F33)) -> 142,19 M2 | E33: =IF(O33=0,"",CONCATENATE(O33," ",$F33)) | F33: =VLOOKUP($A33,Orçamento!$A$9:$J$95,5,0) -> M2 | G33: =VLOOKUP($A33,Orçamento!$A$9:$J$95,6,0) -> 142.19 | H33: =VLOOKUP($A33,Orçamento!$A$9:$J$95,8,0) -> 15.8 | I33: =VLOOKUP($A33,Orçamento!$A$9:$J$95,10,0) -> 2246.6 | L33: =IF(K33=0,"",TRUNC($H33*K33,2)) | M33: 142.19 | N33: =IF(M33=0,"",TRUNC($H33*M33,2)) -> 2246.6 | P33: =IF(O33=0,"",TRUNC($H33*O33,2)) | S33: =SUMIF($K$9:$P$9,$K$9,K33:P33) -> 142.19 | T33: =IF(S33=G33,"","FALTA") | U33: =SUMIF($K$9:$P$9,$L$9,K33:P33) -> 2246.6 | V33: =IF(U33=I33,"","FALTA")
A34: 2.1.5 | B34: =VLOOKUP($A34,Orçamento!$A$9:$J$95,4,0) -> ESMALTE À BASE ÁGUA EM SUPERFÍCIE METÁLICA, INCLUSIVE PREPARO | C34: =IF(K34=0,"",CONCATENATE(K34," ",$F34)) | D34: =IF(M34=0,"",CONCATENATE(M34," ",$F34)) -> 361,16 M2 | E34: =IF(O34=0,"",CONCATENATE(O34," ",$F34)) | F34: =VLOOKUP($A34,Orçamento!$A$9:$J$95,5,0) -> M2 | G34: =VLOOKUP($A34,Orçamento!$A$9:$J$95,6,0) -> 361.16 | H34: =VLOOKUP($A34,Orçamento!$A$9:$J$95,8,0) -> 68.31 | I34: =VLOOKUP($A34,Orçamento!$A$9:$J$95,10,0) -> 24670.83 | L34: =IF(K34=0,"",TRUNC($H34*K34,2)) | M34: 361.16 | N34: =IF(M34=0,"",TRUNC($H34*M34,2)) -> 24670.83 | P34: =IF(O34=0,"",TRUNC($H34*O34,2)) | S34: =SUMIF($K$9:$P$9,$K$9,K34:P34) -> 361.16 | T34: =IF(S34=G34,"","FALTA") | U34: =SUMIF($K$9:$P$9,$L$9,K34:P34) -> 24670.83 | V34: =IF(U34=I34,"","FALTA")
A35: 2.1.6 | B35: =VLOOKUP($A35,Orçamento!$A$9:$J$95,4,0) -> TELA DE NYLON PARA COBERTURA DE QUADRA | C35: =IF(K35=0,"",CONCATENATE(K35," ",$F35)) | D35: =IF(M35=0,"",CONCATENATE(M35," ",$F35)) | E35: =IF(O35=0,"",CONCATENATE(O35," ",$F35)) -> 2,4 M2 | F35: =VLOOKUP($A35,Orçamento!$A$9:$J$95,5,0) -> M2 | G35: =VLOOKUP($A35,Orçamento!$A$9:$J$95,6,0) -> 2.4 | H35: =VLOOKUP($A35,Orçamento!$A$9:$J$95,8,0) -> 32.75 | I35: =VLOOKUP($A35,Orçamento!$A$9:$J$95,10,0) -> 78.6 | L35: =IF(K35=0,"",TRUNC($H35*K35,2)) | N35: =IF(M35=0,"",TRUNC($H35*M35,2)) | O35: 2.4 | P35: =IF(O35=0,"",TRUNC($H35*O35,2)) -> 78.6 | S35: =SUMIF($K$9:$P$9,$K$9,K35:P35) -> 2.4 | T35: =IF(S35=G35,"","FALTA") | U35: =SUMIF($K$9:$P$9,$L$9,K35:P35) -> 78.6 | V35: =IF(U35=I35,"","FALTA")
A37: 2.2 | B37: =VLOOKUP($A37,Orçamento!$A$9:$J$95,4,0) -> RECOMPOSIÇÃO DO TANQUE DE AREIA | D37: EVENTO 8 | L37: =SUM(L38) -> 0 | N37: =SUM(N38) -> 35621.1 | P37: =SUM(P38) -> 0
A38: 2.2.1 | B38: =VLOOKUP($A38,Orçamento!$A$9:$J$95,4,0) -> RV.11 - TANQUE DE AREIA - GENÉRICO - FORNECIMENTO E APLICAÇÃO DE AREIA LAVADA | C38: =IF(K38=0,"",CONCATENATE(K38," ",$F38)) | D38: =IF(M38=0,"",CONCATENATE(M38," ",$F38)) -> 135 M3 | E38: =IF(O38=0,"",CONCATENATE(O38," ",$F38)) | F38: =VLOOKUP($A38,Orçamento!$A$9:$J$95,5,0) -> M3 | G38: =VLOOKUP($A38,Orçamento!$A$9:$J$95,6,0) -> 135 | H38: =VLOOKUP($A38,Orçamento!$A$9:$J$95,8,0) -> 263.86 | I38: =VLOOKUP($A38,Orçamento!$A$9:$J$95,10,0) -> 35621.1 | L38: =IF(K38=0,"",TRUNC($H38*K38,2)) | M38: 135 | N38: =IF(M38=0,"",TRUNC($H38*M38,2)) -> 35621.1 | P38: =IF(O38=0,"",TRUNC($H38*O38,2)) | S38: =SUMIF($K$9:$P$9,$K$9,K38:P38) -> 135 | T38: =IF(S38=G38,"","FALTA") | U38: =SUMIF($K$9:$P$9,$L$9,K38:P38) -> 35621.1 | V38: =IF(U38=I38,"","FALTA")
A40: 2.3 | B40: =VLOOKUP($A40,Orçamento!$A$9:$J$95,4,0) -> EQUIPAMENTOS NOVOS | D40: EVENTO 9 | E40: EVENTO 10 | L40: =SUM(L41:L42) -> 0 | N40: =SUM(N41:N42) -> 9323.73 | P40: =SUM(P41:P42) -> 2745.36
A41: 2.3.1 | B41: =VLOOKUP($A41,Orçamento!$A$9:$J$95,4,0) -> INSTALAÇÃO DE PLACA ORIENTATIVA SOBRE EXERCÍCIOS, 2,00M X 1,00M, EM TUBO DE AÇO CARBONO - PARA ACADEMIA AO AR LIVRE / ACADEMIA DA TERCEIRA IDADE - ATI, INSTALADO SOBRE SOLO. AF_10/2021 | C41: =IF(K41=0,"",CONCATENATE(K41," ",$F41)) | D41: =IF(M41=0,"",CONCATENATE(M41," ",$F41)) | E41: =IF(O41=0,"",CONCATENATE(O41," ",$F41)) -> 1 UN | F41: =VLOOKUP($A41,Orçamento!$A$9:$J$95,5,0) -> UN | G41: =VLOOKUP($A41,Orçamento!$A$9:$J$95,6,0) -> 1 | H41: =VLOOKUP($A41,Orçamento!$A$9:$J$95,8,0) -> 2745.36 | I41: =VLOOKUP($A41,Orçamento!$A$9:$J$95,10,0) -> 2745.36 | L41: =IF(K41=0,"",TRUNC($H41*K41,2)) | N41: =IF(M41=0,"",TRUNC($H41*M41,2)) | O41: 1 | P41: =IF(O41=0,"",TRUNC($H41*O41,2)) -> 2745.36 | S41: =SUMIF($K$9:$P$9,$K$9,K41:P41) -> 1 | T41: =IF(S41=G41,"","FALTA") | U41: =SUMIF($K$9:$P$9,$L$9,K41:P41) -> 2745.36 | V41: =IF(U41=I41,"","FALTA")
A42: 2.3.2 | B42: =VLOOKUP($A42,Orçamento!$A$9:$J$95,4,0) -> TABELA PARA BASQUETE, ENGLOBANDO DESDE FUNDAÇÃO ATÉ A CESTA DE NYLON | C42: =IF(K42=0,"",CONCATENATE(K42," ",$F42)) | D42: =IF(M42=0,"",CONCATENATE(M42," ",$F42)) -> 1 UN | E42: =IF(O42=0,"",CONCATENATE(O42," ",$F42)) | F42: =VLOOKUP($A42,Orçamento!$A$9:$J$95,5,0) -> UN | G42: =VLOOKUP($A42,Orçamento!$A$9:$J$95,6,0) -> 1 | H42: =VLOOKUP($A42,Orçamento!$A$9:$J$95,8,0) -> 9323.73 | I42: =VLOOKUP($A42,Orçamento!$A$9:$J$95,10,0) -> 9323.73 | L42: =IF(K42=0,"",TRUNC($H42*K42,2)) | M42: 1 | N42: =IF(M42=0,"",TRUNC($H42*M42,2)) -> 9323.73 | P42: =IF(O42=0,"",TRUNC($H42*O42,2)) | S42: =SUMIF($K$9:$P$9,$K$9,K42:P42) -> 1 | T42: =IF(S42=G42,"","FALTA") | U42: =SUMIF($K$9:$P$9,$L$9,K42:P42) -> 9323.73 | V42: =IF(U42=I42,"","FALTA")
A44: 2.4 | B44: =VLOOKUP($A44,Orçamento!$A$9:$J$95,4,0) -> LIMPEZA DO PISO | E44: EVENTO 11 | L44: =SUM(L45) -> 0 | N44: =SUM(N45) -> 0 | P44: =SUM(P45) -> 3628.8
A45: 2.4.1 | B45: =VLOOKUP($A45,Orçamento!$A$9:$J$95,4,0) -> LIMPEZA DE SUPERFÍCIES COM HIDROJATEAMENTO | C45: =IF(K45=0,"",CONCATENATE(K45," ",$F45)) | D45: =IF(M45=0,"",CONCATENATE(M45," ",$F45)) | E45: =IF(O45=0,"",CONCATENATE(O45," ",$F45)) -> 630 M2 | F45: =VLOOKUP($A45,Orçamento!$A$9:$J$95,5,0) -> M2 | G45: =VLOOKUP($A45,Orçamento!$A$9:$J$95,6,0) -> 630 | H45: =VLOOKUP($A45,Orçamento!$A$9:$J$95,8,0) -> 5.76 | I45: =VLOOKUP($A45,Orçamento!$A$9:$J$95,10,0) -> 3628.8 | L45: =IF(K45=0,"",TRUNC($H45*K45,2)) | N45: =IF(M45=0,"",TRUNC($H45*M45,2)) | O45: 630 | P45: =IF(O45=0,"",TRUNC($H45*O45,2)) -> 3628.8 | S45: =SUMIF($K$9:$P$9,$K$9,K45:P45) -> 630 | T45: =IF(S45=G45,"","FALTA") | U45: =SUMIF($K$9:$P$9,$L$9,K45:P45) -> 3628.8 | V45: =IF(U45=I45,"","FALTA")
A47: 3 | B47: =VLOOKUP($A47,Orçamento!$A$9:$J$95,4,0) -> REVITALIZAÇÕES DO ENTORNO
A48: 3.1 | B48: =VLOOKUP($A48,Orçamento!$A$9:$J$95,4,0) -> ACADEMIA AO AR LIVRE | E48: EVENTO 12 | L48: =SUM(L49:L50) -> 0 | N48: =SUM(N49:N50) -> 0 | P48: =SUM(P49:P50) -> 3643.92
A49: 3.1.1 | B49: =VLOOKUP($A49,Orçamento!$A$9:$J$95,4,0) -> INSTALAÇÃO DE PLACA ORIENTATIVA SOBRE EXERCÍCIOS, 2,00M X 1,00M, EM TUBO DE AÇO CARBONO - PARA ACADEMIA AO AR LIVRE / ACADEMIA DA TERCEIRA IDADE - ATI, INSTALADO SOBRE SOLO. AF_10/2021 | C49: =IF(K49=0,"",CONCATENATE(K49," ",$F49)) | D49: =IF(M49=0,"",CONCATENATE(M49," ",$F49)) | E49: =IF(O49=0,"",CONCATENATE(O49," ",$F49)) -> 1 UN | F49: =VLOOKUP($A49,Orçamento!$A$9:$J$95,5,0) -> UN | G49: =VLOOKUP($A49,Orçamento!$A$9:$J$95,6,0) -> 1 | H49: =VLOOKUP($A49,Orçamento!$A$9:$J$95,8,0) -> 2745.36 | I49: =VLOOKUP($A49,Orçamento!$A$9:$J$95,10,0) -> 2745.36 | L49: =IF(K49=0,"",TRUNC($H49*K49,2)) | N49: =IF(M49=0,"",TRUNC($H49*M49,2)) | O49: 1 | P49: =IF(O49=0,"",TRUNC($H49*O49,2)) -> 2745.36 | S49: =SUMIF($K$9:$P$9,$K$9,K49:P49) -> 1 | T49: =IF(S49=G49,"","FALTA") | U49: =SUMIF($K$9:$P$9,$L$9,K49:P49) -> 2745.36 | V49: =IF(U49=I49,"","FALTA")
A50: 3.1.2 | B50: =VLOOKUP($A50,Orçamento!$A$9:$J$95,4,0) -> LIMPEZA DE SUPERFÍCIES COM HIDROJATEAMENTO | C50: =IF(K50=0,"",CONCATENATE(K50," ",$F50)) | D50: =IF(M50=0,"",CONCATENATE(M50," ",$F50)) | E50: =IF(O50=0,"",CONCATENATE(O50," ",$F50)) -> 156 M2 | F50: =VLOOKUP($A50,Orçamento!$A$9:$J$95,5,0) -> M2 | G50: =VLOOKUP($A50,Orçamento!$A$9:$J$95,6,0) -> 156 | H50: =VLOOKUP($A50,Orçamento!$A$9:$J$95,8,0) -> 5.76 | I50: =VLOOKUP($A50,Orçamento!$A$9:$J$95,10,0) -> 898.56 | L50: =IF(K50=0,"",TRUNC($H50*K50,2)) | N50: =IF(M50=0,"",TRUNC($H50*M50,2)) | O50: 156 | P50: =IF(O50=0,"",TRUNC($H50*O50,2)) -> 898.56 | S50: =SUMIF($K$9:$P$9,$K$9,K50:P50) -> 156 | T50: =IF(S50=G50,"","FALTA") | U50: =SUMIF($K$9:$P$9,$L$9,K50:P50) -> 898.56 | V50: =IF(U50=I50,"","FALTA")
A52: 3.2 | B52: =VLOOKUP($A52,Orçamento!$A$9:$J$95,4,0) -> PISTA DE SKATE | D52: EVENTO 13 | E52: EVENTO 14 | L52: =SUM(L53:L58) -> 0 | N52: =SUM(N53:N58) -> 7106.54 | P52: =SUM(P53:P58) -> 1059.84
A53: 3.2.1 | B53: =VLOOKUP($A53,Orçamento!$A$9:$J$95,4,0) -> PREPARO DO PISO CIMENTADO PARA PINTURA - LIXAMENTO E LIMPEZA. AF_05/2021 | C53: =IF(K53=0,"",CONCATENATE(K53," ",$F53)) | D53: =IF(M53=0,"",CONCATENATE(M53," ",$F53)) -> 122,76 M2 | E53: =IF(O53=0,"",CONCATENATE(O53," ",$F53)) | F53: =VLOOKUP($A53,Orçamento!$A$9:$J$95,5,0) -> M2 | G53: =VLOOKUP($A53,Orçamento!$A$9:$J$95,6,0) -> 122.76 | H53: =VLOOKUP($A53,Orçamento!$A$9:$J$95,8,0) -> 6.11 | I53: =VLOOKUP($A53,Orçamento!$A$9:$J$95,10,0) -> 750.06 | L53: =IF(K53=0,"",TRUNC($H53*K53,2)) | M53: 122.76 | N53: =IF(M53=0,"",TRUNC($H53*M53,2)) -> 750.06 | P53: =IF(O53=0,"",TRUNC($H53*O53,2)) | S53: =SUMIF($K$9:$P$9,$K$9,K53:P53) -> 122.76 | T53: =IF(S53=G53,"","FALTA") | U53: =SUMIF($K$9:$P$9,$L$9,K53:P53) -> 750.06 | V53: =IF(U53=I53,"","FALTA")
A54: 3.2.2 | B54: =VLOOKUP($A54,Orçamento!$A$9:$J$95,4,0) -> ACRÍLICO PARA QUADRAS E PISOS CIMENTADOS | C54: =IF(K54=0,"",CONCATENATE(K54," ",$F54)) | D54: =IF(M54=0,"",CONCATENATE(M54," ",$F54)) -> 122,76 M2 | E54: =IF(O54=0,"",CONCATENATE(O54," ",$F54)) | F54: =VLOOKUP($A54,Orçamento!$A$9:$J$95,5,0) -> M2 | G54: =VLOOKUP($A54,Orçamento!$A$9:$J$95,6,0) -> 122.76 | H54: =VLOOKUP($A54,Orçamento!$A$9:$J$95,8,0) -> 37.23 | I54: =VLOOKUP($A54,Orçamento!$A$9:$J$95,10,0) -> 4570.35 | L54: =IF(K54=0,"",TRUNC($H54*K54,2)) | M54: 122.76 | N54: =IF(M54=0,"",TRUNC($H54*M54,2)) -> 4570.35 | P54: =IF(O54=0,"",TRUNC($H54*O54,2)) | S54: =SUMIF($K$9:$P$9,$K$9,K54:P54) -> 122.76 | T54: =IF(S54=G54,"","FALTA") | U54: =SUMIF($K$9:$P$9,$L$9,K54:P54) -> 4570.35 | V54: =IF(U54=I54,"","FALTA")
A55: 3.2.3 | B55: =VLOOKUP($A55,Orçamento!$A$9:$J$95,4,0) -> LIXAMENTO MANUAL EM SUPERFÍCIES METÁLICAS EM OBRA. AF_01/2020 | C55: =IF(K55=0,"",CONCATENATE(K55," ",$F55)) | D55: =IF(M55=0,"",CONCATENATE(M55," ",$F55)) -> 12,59 M2 | E55: =IF(O55=0,"",CONCATENATE(O55," ",$F55)) | F55: =VLOOKUP($A55,Orçamento!$A$9:$J$95,5,0) -> M2 | G55: =VLOOKUP($A55,Orçamento!$A$9:$J$95,6,0) -> 12.59 | H55: =VLOOKUP($A55,Orçamento!$A$9:$J$95,8,0) -> 15.8 | I55: =VLOOKUP($A55,Orçamento!$A$9:$J$95,10,0) -> 198.92 | L55: =IF(K55=0,"",TRUNC($H55*K55,2)) | M55: 12.59 | N55: =IF(M55=0,"",TRUNC($H55*M55,2)) -> 198.92 | P55: =IF(O55=0,"",TRUNC($H55*O55,2)) | S55: =SUMIF($K$9:$P$9,$K$9,K55:P55) -> 12.59 | T55: =IF(S55=G55,"","FALTA") | U55: =SUMIF($K$9:$P$9,$L$9,K55:P55) -> 198.92 | V55: =IF(U55=I55,"","FALTA")
A56: 3.2.4 | B56: =VLOOKUP($A56,Orçamento!$A$9:$J$95,4,0) -> PINTURA COM TINTA ALQUÍDICA DE FUNDO (TIPO ZARCÃO) APLICADA A ROLO OU PINCEL SOBRE SUPERFÍCIES METÁLICAS (EXCETO PERFIL) EXECUTADO EM OBRA (POR DEMÃO). AF_01/2020 | C56: =IF(K56=0,"",CONCATENATE(K56," ",$F56)) | D56: =IF(M56=0,"",CONCATENATE(M56," ",$F56)) -> 25,18 M2 | E56: =IF(O56=0,"",CONCATENATE(O56," ",$F56)) | F56: =VLOOKUP($A56,Orçamento!$A$9:$J$95,5,0) -> M2 | G56: =VLOOKUP($A56,Orçamento!$A$9:$J$95,6,0) -> 25.18 | H56: =VLOOKUP($A56,Orçamento!$A$9:$J$95,8,0) -> 39.03 | I56: =VLOOKUP($A56,Orçamento!$A$9:$J$95,10,0) -> 982.77 | L56: =IF(K56=0,"",TRUNC($H56*K56,2)) | M56: 25.18 | N56: =IF(M56=0,"",TRUNC($H56*M56,2)) -> 982.77 | P56: =IF(O56=0,"",TRUNC($H56*O56,2)) | S56: =SUMIF($K$9:$P$9,$K$9,K56:P56) -> 25.18 | T56: =IF(S56=G56,"","FALTA") | U56: =SUMIF($K$9:$P$9,$L$9,K56:P56) -> 982.77 | V56: =IF(U56=I56,"","FALTA")
A57: 3.2.5 | B57: =VLOOKUP($A57,Orçamento!$A$9:$J$95,4,0) -> PINTURA COM TINTA ACRÍLICA DE ACABAMENTO APLICADA A ROLO OU PINCEL SOBRE SUPERFÍCIES METÁLICAS (EXCETO PERFIL) EXECUTADO EM OBRA (02 DEMÃOS). AF_01/2020 | C57: =IF(K57=0,"",CONCATENATE(K57," ",$F57)) | D57: =IF(M57=0,"",CONCATENATE(M57," ",$F57)) -> 12,59 M2 | E57: =IF(O57=0,"",CONCATENATE(O57," ",$F57)) | F57: =VLOOKUP($A57,Orçamento!$A$9:$J$95,5,0) -> M2 | G57: =VLOOKUP($A57,Orçamento!$A$9:$J$95,6,0) -> 12.59 | H57: =VLOOKUP($A57,Orçamento!$A$9:$J$95,8,0) -> 48.01 | I57: =VLOOKUP($A57,Orçamento!$A$9:$J$95,10,0) -> 604.44 | L57: =IF(K57=0,"",TRUNC($H57*K57,2)) | M57: 12.59 | N57: =IF(M57=0,"",TRUNC($H57*M57,2)) -> 604.44 | P57: =IF(O57=0,"",TRUNC($H57*O57,2)) | S57: =SUMIF($K$9:$P$9,$K$9,K57:P57) -> 12.59 | T57: =IF(S57=G57,"","FALTA") | U57: =SUMIF($K$9:$P$9,$L$9,K57:P57) -> 604.44 | V57: =IF(U57=I57,"","FALTA")
A58: 3.2.6 | B58: =VLOOKUP($A58,Orçamento!$A$9:$J$95,4,0) -> LIMPEZA DE SUPERFÍCIES COM HIDROJATEAMENTO | C58: =IF(K58=0,"",CONCATENATE(K58," ",$F58)) | D58: =IF(M58=0,"",CONCATENATE(M58," ",$F58)) | E58: =IF(O58=0,"",CONCATENATE(O58," ",$F58)) -> 184 M2 | F58: =VLOOKUP($A58,Orçamento!$A$9:$J$95,5,0) -> M2 | G58: =VLOOKUP($A58,Orçamento!$A$9:$J$95,6,0) -> 184 | H58: =VLOOKUP($A58,Orçamento!$A$9:$J$95,8,0) -> 5.76 | I58: =VLOOKUP($A58,Orçamento!$A$9:$J$95,10,0) -> 1059.84 | L58: =IF(K58=0,"",TRUNC($H58*K58,2)) | N58: =IF(M58=0,"",TRUNC($H58*M58,2)) | O58: 184 | P58: =IF(O58=0,"",TRUNC($H58*O58,2)) -> 1059.84 | S58: =SUMIF($K$9:$P$9,$K$9,K58:P58) -> 184 | T58: =IF(S58=G58,"","FALTA") | U58: =SUMIF($K$9:$P$9,$L$9,K58:P58) -> 1059.84 | V58: =IF(U58=I58,"","FALTA")
A60: 3.3 | B60: =VLOOKUP($A60,Orçamento!$A$9:$J$95,4,0) -> MOBILIÁRIOS DIVERSOS | E60: EVENTO 15 | L60: =SUM(L61:L62) -> 0 | N60: =SUM(N61:N62) -> 0 | P60: =SUM(P61:P62) -> 15354.67
A61: 3.3.1 | B61: =VLOOKUP($A61,Orçamento!$A$9:$J$95,4,0) -> BANCO DE CONCRETO PRE-FABRICADO - L=140CM | C61: =IF(K61=0,"",CONCATENATE(K61," ",$F61)) | D61: =IF(M61=0,"",CONCATENATE(M61," ",$F61)) | E61: =IF(O61=0,"",CONCATENATE(O61," ",$F61)) -> 14 UN | F61: =VLOOKUP($A61,Orçamento!$A$9:$J$95,5,0) -> UN | G61: =VLOOKUP($A61,Orçamento!$A$9:$J$95,6,0) -> 14 | H61: =VLOOKUP($A61,Orçamento!$A$9:$J$95,8,0) -> 752.27 | I61: =VLOOKUP($A61,Orçamento!$A$9:$J$95,10,0) -> 10531.78 | L61: =IF(K61=0,"",TRUNC($H61*K61,2)) | N61: =IF(M61=0,"",TRUNC($H61*M61,2)) | O61: 14 | P61: =IF(O61=0,"",TRUNC($H61*O61,2)) -> 10531.78 | S61: =SUMIF($K$9:$P$9,$K$9,K61:P61) -> 14 | T61: =IF(S61=G61,"","FALTA") | U61: =SUMIF($K$9:$P$9,$L$9,K61:P61) -> 10531.78 | V61: =IF(U61=I61,"","FALTA")
A62: 3.3.2 | B62: =VLOOKUP($A62,Orçamento!$A$9:$J$95,4,0) -> INSTALAÇÃO DE LIXEIRA METÁLICA DUPLA, CAPACIDADE DE 60 L, EM TUBO DE AÇO CARBONO E CESTOS EM CHAPA DE AÇO COM PINTURA ELETROSTÁTICA, SOBRE SOLO. AF_11/2021 | C62: =IF(K62=0,"",CONCATENATE(K62," ",$F62)) | D62: =IF(M62=0,"",CONCATENATE(M62," ",$F62)) | E62: =IF(O62=0,"",CONCATENATE(O62," ",$F62)) -> 3 UN | F62: =VLOOKUP($A62,Orçamento!$A$9:$J$95,5,0) -> UN | G62: =VLOOKUP($A62,Orçamento!$A$9:$J$95,6,0) -> 3 | H62: =VLOOKUP($A62,Orçamento!$A$9:$J$95,8,0) -> 1607.63 | I62: =VLOOKUP($A62,Orçamento!$A$9:$J$95,10,0) -> 4822.89 | L62: =IF(K62=0,"",TRUNC($H62*K62,2)) | N62: =IF(M62=0,"",TRUNC($H62*M62,2)) | O62: 3 | P62: =IF(O62=0,"",TRUNC($H62*O62,2)) -> 4822.89 | S62: =SUMIF($K$9:$P$9,$K$9,K62:P62) -> 3 | T62: =IF(S62=G62,"","FALTA") | U62: =SUMIF($K$9:$P$9,$L$9,K62:P62) -> 4822.89 | V62: =IF(U62=I62,"","FALTA")
A64: 4 | B64: =VLOOKUP($A64,Orçamento!$A$9:$J$95,4,0) -> INSTALAÇÕES ELÉTRICAS
A65: 4.1 | B65: =VLOOKUP($A65,Orçamento!$A$9:$J$95,4,0) -> CAIXA DE COMANDO E ACIONAMENTO | E65: EVENTO 16 | L65: =SUM(L66:L71) -> 0 | N65: =SUM(N66:N71) -> 0 | P65: =SUM(P66:P71) -> 1469.07
A66: 4.1.1 | B66: =VLOOKUP($A66,Orçamento!$A$9:$J$95,4,0) -> QUADRO DE MEDIÇÃO GERAL DE ENERGIA PARA 1 MEDIDOR DE SOBREPOR - FORNECIMENTO E INSTALAÇÃO. AF_07/2025 | C66: =IF(K66=0,"",CONCATENATE(K66," ",$F66)) | D66: =IF(M66=0,"",CONCATENATE(M66," ",$F66)) | E66: =IF(O66=0,"",CONCATENATE(O66," ",$F66)) -> 1 UN | F66: =VLOOKUP($A66,Orçamento!$A$9:$J$95,5,0) -> UN | G66: =VLOOKUP($A66,Orçamento!$A$9:$J$95,6,0) -> 1 | H66: =VLOOKUP($A66,Orçamento!$A$9:$J$95,8,0) -> 144.73 | I66: =VLOOKUP($A66,Orçamento!$A$9:$J$95,10,0) -> 144.73 | L66: =IF(K66=0,"",TRUNC($H66*K66,2)) | N66: =IF(M66=0,"",TRUNC($H66*M66,2)) | O66: 1 | P66: =IF(O66=0,"",TRUNC($H66*O66,2)) -> 144.73 | S66: =SUMIF($K$9:$P$9,$K$9,K66:P66) -> 1 | T66: =IF(S66=G66,"","FALTA") | U66: =SUMIF($K$9:$P$9,$L$9,K66:P66) -> 144.73 | V66: =IF(U66=I66,"","FALTA")
A67: 4.1.2 | B67: =VLOOKUP($A67,Orçamento!$A$9:$J$95,4,0) -> ELETRODUTO GALVANIZADO CONFORME NBR13057 - 3/4´ COM ACESSÓRIOS | C67: =IF(K67=0,"",CONCATENATE(K67," ",$F67)) | D67: =IF(M67=0,"",CONCATENATE(M67," ",$F67)) | E67: =IF(O67=0,"",CONCATENATE(O67," ",$F67)) -> 8 M | F67: =VLOOKUP($A67,Orçamento!$A$9:$J$95,5,0) -> M | G67: =VLOOKUP($A67,Orçamento!$A$9:$J$95,6,0) -> 8 | H67: =VLOOKUP($A67,Orçamento!$A$9:$J$95,8,0) -> 61.53 | I67: =VLOOKUP($A67,Orçamento!$A$9:$J$95,10,0) -> 492.24 | L67: =IF(K67=0,"",TRUNC($H67*K67,2)) | N67: =IF(M67=0,"",TRUNC($H67*M67,2)) | O67: 8 | P67: =IF(O67=0,"",TRUNC($H67*O67,2)) -> 492.24 | S67: =SUMIF($K$9:$P$9,$K$9,K67:P67) -> 8 | T67: =IF(S67=G67,"","FALTA") | U67: =SUMIF($K$9:$P$9,$L$9,K67:P67) -> 492.24 | V67: =IF(U67=I67,"","FALTA")
A68: 4.1.3 | B68: =VLOOKUP($A68,Orçamento!$A$9:$J$95,4,0) -> DISJUNTOR TERMOMAGNÉTICO, BIPOLAR 220/380 V, CORRENTE DE 10 A ATÉ 50 A | C68: =IF(K68=0,"",CONCATENATE(K68," ",$F68)) | D68: =IF(M68=0,"",CONCATENATE(M68," ",$F68)) | E68: =IF(O68=0,"",CONCATENATE(O68," ",$F68)) -> 1 UN | F68: =VLOOKUP($A68,Orçamento!$A$9:$J$95,5,0) -> UN | G68: =VLOOKUP($A68,Orçamento!$A$9:$J$95,6,0) -> 1 | H68: =VLOOKUP($A68,Orçamento!$A$9:$J$95,8,0) -> 165.53 | I68: =VLOOKUP($A68,Orçamento!$A$9:$J$95,10,0) -> 165.53 | L68: =IF(K68=0,"",TRUNC($H68*K68,2)) | N68: =IF(M68=0,"",TRUNC($H68*M68,2)) | O68: 1 | P68: =IF(O68=0,"",TRUNC($H68*O68,2)) -> 165.53 | S68: =SUMIF($K$9:$P$9,$K$9,K68:P68) -> 1 | T68: =IF(S68=G68,"","FALTA") | U68: =SUMIF($K$9:$P$9,$L$9,K68:P68) -> 165.53 | V68: =IF(U68=I68,"","FALTA")
A69: 4.1.4 | B69: =VLOOKUP($A69,Orçamento!$A$9:$J$95,4,0) -> CONTATOR TRIPOLAR I NOMINAL 38A - FORNECIMENTO E INSTALAÇÃO. AF_07/2025 | C69: =IF(K69=0,"",CONCATENATE(K69," ",$F69)) | D69: =IF(M69=0,"",CONCATENATE(M69," ",$F69)) | E69: =IF(O69=0,"",CONCATENATE(O69," ",$F69)) -> 1 UN | F69: =VLOOKUP($A69,Orçamento!$A$9:$J$95,5,0) -> UN | G69: =VLOOKUP($A69,Orçamento!$A$9:$J$95,6,0) -> 1 | H69: =VLOOKUP($A69,Orçamento!$A$9:$J$95,8,0) -> 442.68 | I69: =VLOOKUP($A69,Orçamento!$A$9:$J$95,10,0) -> 442.68 | L69: =IF(K69=0,"",TRUNC($H69*K69,2)) | N69: =IF(M69=0,"",TRUNC($H69*M69,2)) | O69: 1 | P69: =IF(O69=0,"",TRUNC($H69*O69,2)) -> 442.68 | S69: =SUMIF($K$9:$P$9,$K$9,K69:P69) -> 1 | T69: =IF(S69=G69,"","FALTA") | U69: =SUMIF($K$9:$P$9,$L$9,K69:P69) -> 442.68 | V69: =IF(U69=I69,"","FALTA")
A70: 4.1.5 | B70: =VLOOKUP($A70,Orçamento!$A$9:$J$95,4,0) -> RELÉ FOTOELÉTRICO PARA COMANDO DE ILUMINAÇÃO EXTERNA 1000 W - FORNECIMENTO E INSTALAÇÃO. AF_02/2025 | C70: =IF(K70=0,"",CONCATENATE(K70," ",$F70)) | D70: =IF(M70=0,"",CONCATENATE(M70," ",$F70)) | E70: =IF(O70=0,"",CONCATENATE(O70," ",$F70)) -> 1 UN | F70: =VLOOKUP($A70,Orçamento!$A$9:$J$95,5,0) -> UN | G70: =VLOOKUP($A70,Orçamento!$A$9:$J$95,6,0) -> 1 | H70: =VLOOKUP($A70,Orçamento!$A$9:$J$95,8,0) -> 35.24 | I70: =VLOOKUP($A70,Orçamento!$A$9:$J$95,10,0) -> 35.24 | L70: =IF(K70=0,"",TRUNC($H70*K70,2)) | N70: =IF(M70=0,"",TRUNC($H70*M70,2)) | O70: 1 | P70: =IF(O70=0,"",TRUNC($H70*O70,2)) -> 35.24 | S70: =SUMIF($K$9:$P$9,$K$9,K70:P70) -> 1 | T70: =IF(S70=G70,"","FALTA") | U70: =SUMIF($K$9:$P$9,$L$9,K70:P70) -> 35.24 | V70: =IF(U70=I70,"","FALTA")
A71: 4.1.6 | B71: =VLOOKUP($A71,Orçamento!$A$9:$J$95,4,0) -> DISPOSITIVO DIFERENCIAL RESIDUAL DE 25 A X 30 MA - 2 POLOS | C71: =IF(K71=0,"",CONCATENATE(K71," ",$F71)) | D71: =IF(M71=0,"",CONCATENATE(M71," ",$F71)) | E71: =IF(O71=0,"",CONCATENATE(O71," ",$F71)) -> 1 UN | F71: =VLOOKUP($A71,Orçamento!$A$9:$J$95,5,0) -> UN | G71: =VLOOKUP($A71,Orçamento!$A$9:$J$95,6,0) -> 1 | H71: =VLOOKUP($A71,Orçamento!$A$9:$J$95,8,0) -> 188.65 | I71: =VLOOKUP($A71,Orçamento!$A$9:$J$95,10,0) -> 188.65 | L71: =IF(K71=0,"",TRUNC($H71*K71,2)) | N71: =IF(M71=0,"",TRUNC($H71*M71,2)) | O71: 1 | P71: =IF(O71=0,"",TRUNC($H71*O71,2)) -> 188.65 | S71: =SUMIF($K$9:$P$9,$K$9,K71:P71) -> 1 | T71: =IF(S71=G71,"","FALTA") | U71: =SUMIF($K$9:$P$9,$L$9,K71:P71) -> 188.65 | V71: =IF(U71=I71,"","FALTA")
A73: 4.2 | B73: =VLOOKUP($A73,Orçamento!$A$9:$J$95,4,0) -> ENTRADA DE ENERGIA | E73: EVENTO 17 | L73: =SUM(L74:L82) -> 0 | N73: =SUM(N74:N82) -> 0 | P73: =SUM(P74:P82) -> 5676.75
A74: 4.2.1 | B74: =VLOOKUP($A74,Orçamento!$A$9:$J$95,4,0) -> ENTRADA DE ENERGIA ELÉTRICA, AÉREA, BIFÁSICA, COM CAIXA DE SOBREPOR, CABO DE 10 MM2 E DISJUNTOR DIN 50A (NÃO INCLUSO O POSTE DE CONCRETO). AF_12/2025 | C74: =IF(K74=0,"",CONCATENATE(K74," ",$F74)) | D74: =IF(M74=0,"",CONCATENATE(M74," ",$F74)) | E74: =IF(O74=0,"",CONCATENATE(O74," ",$F74)) -> 1 UN | F74: =VLOOKUP($A74,Orçamento!$A$9:$J$95,5,0) -> UN | G74: =VLOOKUP($A74,Orçamento!$A$9:$J$95,6,0) -> 1 | H74: =VLOOKUP($A74,Orçamento!$A$9:$J$95,8,0) -> 2618.5 | I74: =VLOOKUP($A74,Orçamento!$A$9:$J$95,10,0) -> 2618.5 | L74: =IF(K74=0,"",TRUNC($H74*K74,2)) | N74: =IF(M74=0,"",TRUNC($H74*M74,2)) | O74: 1 | P74: =IF(O74=0,"",TRUNC($H74*O74,2)) -> 2618.5 | S74: =SUMIF($K$9:$P$9,$K$9,K74:P74) -> 1 | T74: =IF(S74=G74,"","FALTA") | U74: =SUMIF($K$9:$P$9,$L$9,K74:P74) -> 2618.5 | V74: =IF(U74=I74,"","FALTA")
A75: 4.2.2 | B75: =VLOOKUP($A75,Orçamento!$A$9:$J$95,4,0) -> POSTE DE CONCRETO ARMADO DE SECAO DUPLO T, EXTENSAO DE 10,00 M, RESISTENCIA DE 300 A 400 DAN, TIPO B OU D | C75: =IF(K75=0,"",CONCATENATE(K75," ",$F75)) | D75: =IF(M75=0,"",CONCATENATE(M75," ",$F75)) | E75: =IF(O75=0,"",CONCATENATE(O75," ",$F75)) -> 1 UN | F75: =VLOOKUP($A75,Orçamento!$A$9:$J$95,5,0) -> UN | G75: =VLOOKUP($A75,Orçamento!$A$9:$J$95,6,0) -> 1 | H75: =VLOOKUP($A75,Orçamento!$A$9:$J$95,8,0) -> 1324.47 | I75: =VLOOKUP($A75,Orçamento!$A$9:$J$95,10,0) -> 1324.47 | L75: =IF(K75=0,"",TRUNC($H75*K75,2)) | N75: =IF(M75=0,"",TRUNC($H75*M75,2)) | O75: 1 | P75: =IF(O75=0,"",TRUNC($H75*O75,2)) -> 1324.47 | S75: =SUMIF($K$9:$P$9,$K$9,K75:P75) -> 1 | T75: =IF(S75=G75,"","FALTA") | U75: =SUMIF($K$9:$P$9,$L$9,K75:P75) -> 1324.47 | V75: =IF(U75=I75,"","FALTA")
A76: 4.2.3 | B76: =VLOOKUP($A76,Orçamento!$A$9:$J$95,4,0) -> SUPRESSOR DE SURTO MONOFÁSICO, CORRENTE NOMINAL 4 A 11 KA, IMAX. DE SURTO 12 ATÉ 15 KA | C76: =IF(K76=0,"",CONCATENATE(K76," ",$F76)) | D76: =IF(M76=0,"",CONCATENATE(M76," ",$F76)) | E76: =IF(O76=0,"",CONCATENATE(O76," ",$F76)) -> 2 UN | F76: =VLOOKUP($A76,Orçamento!$A$9:$J$95,5,0) -> UN | G76: =VLOOKUP($A76,Orçamento!$A$9:$J$95,6,0) -> 2 | H76: =VLOOKUP($A76,Orçamento!$A$9:$J$95,8,0) -> 98.96 | I76: =VLOOKUP($A76,Orçamento!$A$9:$J$95,10,0) -> 197.92 | L76: =IF(K76=0,"",TRUNC($H76*K76,2)) | N76: =IF(M76=0,"",TRUNC($H76*M76,2)) | O76: 2 | P76: =IF(O76=0,"",TRUNC($H76*O76,2)) -> 197.92 | S76: =SUMIF($K$9:$P$9,$K$9,K76:P76) -> 2 | T76: =IF(S76=G76,"","FALTA") | U76: =SUMIF($K$9:$P$9,$L$9,K76:P76) -> 197.92 | V76: =IF(U76=I76,"","FALTA")
A77: 4.2.4 | B77: =VLOOKUP($A77,Orçamento!$A$9:$J$95,4,0) -> ESCAVAÇÃO MANUAL EM SOLO DE 1ª E 2ª CATEGORIA EM VALA OU CAVA ATÉ 1,5 M | C77: =IF(K77=0,"",CONCATENATE(K77," ",$F77)) | D77: =IF(M77=0,"",CONCATENATE(M77," ",$F77)) | E77: =IF(O77=0,"",CONCATENATE(O77," ",$F77)) -> 0,08 M3 | F77: =VLOOKUP($A77,Orçamento!$A$9:$J$95,5,0) -> M3 | G77: =VLOOKUP($A77,Orçamento!$A$9:$J$95,6,0) -> 0.08 | H77: =VLOOKUP($A77,Orçamento!$A$9:$J$95,8,0) -> 88.57 | I77: =VLOOKUP($A77,Orçamento!$A$9:$J$95,10,0) -> 7.08 | L77: =IF(K77=0,"",TRUNC($H77*K77,2)) | N77: =IF(M77=0,"",TRUNC($H77*M77,2)) | O77: 0.08 | P77: =IF(O77=0,"",TRUNC($H77*O77,2)) -> 7.08 | S77: =SUMIF($K$9:$P$9,$K$9,K77:P77) -> 0.08 | T77: =IF(S77=G77,"","FALTA") | U77: =SUMIF($K$9:$P$9,$L$9,K77:P77) -> 7.08 | V77: =IF(U77=I77,"","FALTA")
A78: 4.2.5 | B78: =VLOOKUP($A78,Orçamento!$A$9:$J$95,4,0) -> PREPARO DE FUNDO DE VALA COM LARGURA MENOR QUE 1,5 M (ACERTO DO SOLO NATURAL), EM LOCAL COM NÍVEL BAIXO DE INTERFERÊNCIA. AF_01/2026 | C78: =IF(K78=0,"",CONCATENATE(K78," ",$F78)) | D78: =IF(M78=0,"",CONCATENATE(M78," ",$F78)) | E78: =IF(O78=0,"",CONCATENATE(O78," ",$F78)) -> 0,16 M2 | F78: =VLOOKUP($A78,Orçamento!$A$9:$J$95,5,0) -> M2 | G78: =VLOOKUP($A78,Orçamento!$A$9:$J$95,6,0) -> 0.16 | H78: =VLOOKUP($A78,Orçamento!$A$9:$J$95,8,0) -> 13.1 | I78: =VLOOKUP($A78,Orçamento!$A$9:$J$95,10,0) -> 2.09 | L78: =IF(K78=0,"",TRUNC($H78*K78,2)) | N78: =IF(M78=0,"",TRUNC($H78*M78,2)) | O78: 0.16 | P78: =IF(O78=0,"",TRUNC($H78*O78,2)) -> 2.09 | S78: =SUMIF($K$9:$P$9,$K$9,K78:P78) -> 0.16 | T78: =IF(S78=G78,"","FALTA") | U78: =SUMIF($K$9:$P$9,$L$9,K78:P78) -> 2.09 | V78: =IF(U78=I78,"","FALTA")
A79: 4.2.6 | B79: =VLOOKUP($A79,Orçamento!$A$9:$J$95,4,0) -> CAIXA ENTERRADA ELÉTRICA RETANGULAR, EM CONCRETO PRÉ-MOLDADO, FUNDO COM BRITA, DIMENSÕES INTERNAS: 0,4X0,4X0,4 M. AF_12/2020 | C79: =IF(K79=0,"",CONCATENATE(K79," ",$F79)) | D79: =IF(M79=0,"",CONCATENATE(M79," ",$F79)) | E79: =IF(O79=0,"",CONCATENATE(O79," ",$F79)) -> 1 UN | F79: =VLOOKUP($A79,Orçamento!$A$9:$J$95,5,0) -> UN | G79: =VLOOKUP($A79,Orçamento!$A$9:$J$95,6,0) -> 1 | H79: =VLOOKUP($A79,Orçamento!$A$9:$J$95,8,0) -> 309.49 | I79: =VLOOKUP($A79,Orçamento!$A$9:$J$95,10,0) -> 309.49 | L79: =IF(K79=0,"",TRUNC($H79*K79,2)) | N79: =IF(M79=0,"",TRUNC($H79*M79,2)) | O79: 1 | P79: =IF(O79=0,"",TRUNC($H79*O79,2)) -> 309.49 | S79: =SUMIF($K$9:$P$9,$K$9,K79:P79) -> 1 | T79: =IF(S79=G79,"","FALTA") | U79: =SUMIF($K$9:$P$9,$L$9,K79:P79) -> 309.49 | V79: =IF(U79=I79,"","FALTA")
A80: 4.2.7 | B80: =VLOOKUP($A80,Orçamento!$A$9:$J$95,4,0) -> LASTRO DE PEDRA BRITADA | C80: =IF(K80=0,"",CONCATENATE(K80," ",$F80)) | D80: =IF(M80=0,"",CONCATENATE(M80," ",$F80)) | E80: =IF(O80=0,"",CONCATENATE(O80," ",$F80)) -> 0,05 M3 | F80: =VLOOKUP($A80,Orçamento!$A$9:$J$95,5,0) -> M3 | G80: =VLOOKUP($A80,Orçamento!$A$9:$J$95,6,0) -> 0.05 | H80: =VLOOKUP($A80,Orçamento!$A$9:$J$95,8,0) -> 276.87 | I80: =VLOOKUP($A80,Orçamento!$A$9:$J$95,10,0) -> 13.84 | L80: =IF(K80=0,"",TRUNC($H80*K80,2)) | N80: =IF(M80=0,"",TRUNC($H80*M80,2)) | O80: 0.05 | P80: =IF(O80=0,"",TRUNC($H80*O80,2)) -> 13.84 | S80: =SUMIF($K$9:$P$9,$K$9,K80:P80) -> 0.05 | T80: =IF(S80=G80,"","FALTA") | U80: =SUMIF($K$9:$P$9,$L$9,K80:P80) -> 13.84 | V80: =IF(U80=I80,"","FALTA")
A81: 4.2.8 | B81: =VLOOKUP($A81,Orçamento!$A$9:$J$95,4,0) -> CONCRETO FCK = 15MPA, TRAÇO 1:3,4:3,5 (EM MASSA SECA DE CIMENTO/ AREIA MÉDIA/ BRITA 1) - PREPARO MECÂNICO COM BETONEIRA 400 L. AF_05/2021 | C81: =IF(K81=0,"",CONCATENATE(K81," ",$F81)) | D81: =IF(M81=0,"",CONCATENATE(M81," ",$F81)) | E81: =IF(O81=0,"",CONCATENATE(O81," ",$F81)) -> 0,06 M3 | F81: =VLOOKUP($A81,Orçamento!$A$9:$J$95,5,0) -> M3 | G81: =VLOOKUP($A81,Orçamento!$A$9:$J$95,6,0) -> 0.06 | H81: =VLOOKUP($A81,Orçamento!$A$9:$J$95,8,0) -> 547.98 | I81: =VLOOKUP($A81,Orçamento!$A$9:$J$95,10,0) -> 32.87 | L81: =IF(K81=0,"",TRUNC($H81*K81,2)) | N81: =IF(M81=0,"",TRUNC($H81*M81,2)) | O81: 0.06 | P81: =IF(O81=0,"",TRUNC($H81*O81,2)) -> 32.87 | S81: =SUMIF($K$9:$P$9,$K$9,K81:P81) -> 0.06 | T81: =IF(S81=G81,"","FALTA") | U81: =SUMIF($K$9:$P$9,$L$9,K81:P81) -> 32.87 | V81: =IF(U81=I81,"","FALTA")
A82: 4.2.9 | B82: =VLOOKUP($A82,Orçamento!$A$9:$J$95,4,0) -> CAIXA DE PROTEÇÃO ANTIFURTO | C82: =IF(K82=0,"",CONCATENATE(K82," ",$F82)) | D82: =IF(M82=0,"",CONCATENATE(M82," ",$F82)) | E82: =IF(O82=0,"",CONCATENATE(O82," ",$F82)) -> 1 UN. | F82: =VLOOKUP($A82,Orçamento!$A$9:$J$95,5,0) -> UN. | G82: =VLOOKUP($A82,Orçamento!$A$9:$J$95,6,0) -> 1 | H82: =VLOOKUP($A82,Orçamento!$A$9:$J$95,8,0) -> 1170.49 | I82: =VLOOKUP($A82,Orçamento!$A$9:$J$95,10,0) -> 1170.49 | L82: =IF(K82=0,"",TRUNC($H82*K82,2)) | N82: =IF(M82=0,"",TRUNC($H82*M82,2)) | O82: 1 | P82: =IF(O82=0,"",TRUNC($H82*O82,2)) -> 1170.49 | S82: =SUMIF($K$9:$P$9,$K$9,K82:P82) -> 1 | T82: =IF(S82=G82,"","FALTA") | U82: =SUMIF($K$9:$P$9,$L$9,K82:P82) -> 1170.49 | V82: =IF(U82=I82,"","FALTA")
A84: 4.3 | B84: =VLOOKUP($A84,Orçamento!$A$9:$J$95,4,0) -> CABEAMENTO E IMPLANTAÇÃO | E84: EVENTO 18 | L84: =SUM(L85:L91) -> 0 | N84: =SUM(N85:N91) -> 0 | P84: =SUM(P85:P91) -> 1972.28
A85: 4.3.1 | B85: =VLOOKUP($A85,Orçamento!$A$9:$J$95,4,0) -> SUBSTITUIÇÃO DE LÂMPADA PARA ILUMINAÇÃO PÚBLICA (NÃO INCLUI FORNECIMENTO). AF_02/2025_PS (CONEXÃO COM POSTE DE ILUMINAÇÃO EXISTENTE) | C85: =IF(K85=0,"",CONCATENATE(K85," ",$F85)) | D85: =IF(M85=0,"",CONCATENATE(M85," ",$F85)) | E85: =IF(O85=0,"",CONCATENATE(O85," ",$F85)) -> 1 UN | F85: =VLOOKUP($A85,Orçamento!$A$9:$J$95,5,0) -> UN | G85: =VLOOKUP($A85,Orçamento!$A$9:$J$95,6,0) -> 1 | H85: =VLOOKUP($A85,Orçamento!$A$9:$J$95,8,0) -> 86.83 | I85: =VLOOKUP($A85,Orçamento!$A$9:$J$95,10,0) -> 86.83 | L85: =IF(K85=0,"",TRUNC($H85*K85,2)) | N85: =IF(M85=0,"",TRUNC($H85*M85,2)) | O85: 1 | P85: =IF(O85=0,"",TRUNC($H85*O85,2)) -> 86.83 | S85: =SUMIF($K$9:$P$9,$K$9,K85:P85) -> 1 | T85: =IF(S85=G85,"","FALTA") | U85: =SUMIF($K$9:$P$9,$L$9,K85:P85) -> 86.83 | V85: =IF(U85=I85,"","FALTA")
A86: 4.3.2 | B86: =VLOOKUP($A86,Orçamento!$A$9:$J$95,4,0) -> ESCAVAÇÃO MANUAL EM SOLO DE 1ª E 2ª CATEGORIA EM VALA OU CAVA ATÉ 1,5 M | C86: =IF(K86=0,"",CONCATENATE(K86," ",$F86)) | D86: =IF(M86=0,"",CONCATENATE(M86," ",$F86)) | E86: =IF(O86=0,"",CONCATENATE(O86," ",$F86)) -> 2,59 M3 | F86: =VLOOKUP($A86,Orçamento!$A$9:$J$95,5,0) -> M3 | G86: =VLOOKUP($A86,Orçamento!$A$9:$J$95,6,0) -> 2.59 | H86: =VLOOKUP($A86,Orçamento!$A$9:$J$95,8,0) -> 88.57 | I86: =VLOOKUP($A86,Orçamento!$A$9:$J$95,10,0) -> 229.39 | L86: =IF(K86=0,"",TRUNC($H86*K86,2)) | N86: =IF(M86=0,"",TRUNC($H86*M86,2)) | O86: 2.59 | P86: =IF(O86=0,"",TRUNC($H86*O86,2)) -> 229.39 | S86: =SUMIF($K$9:$P$9,$K$9,K86:P86) -> 2.59 | T86: =IF(S86=G86,"","FALTA") | U86: =SUMIF($K$9:$P$9,$L$9,K86:P86) -> 229.39 | V86: =IF(U86=I86,"","FALTA")
A87: 4.3.3 | B87: =VLOOKUP($A87,Orçamento!$A$9:$J$95,4,0) -> PREPARO DE FUNDO DE VALA COM LARGURA MENOR QUE 1,5 M (ACERTO DO SOLO NATURAL), EM LOCAL COM NÍVEL BAIXO DE INTERFERÊNCIA. AF_01/2026 | C87: =IF(K87=0,"",CONCATENATE(K87," ",$F87)) | D87: =IF(M87=0,"",CONCATENATE(M87," ",$F87)) | E87: =IF(O87=0,"",CONCATENATE(O87," ",$F87)) -> 3,45 M2 | F87: =VLOOKUP($A87,Orçamento!$A$9:$J$95,5,0) -> M2 | G87: =VLOOKUP($A87,Orçamento!$A$9:$J$95,6,0) -> 3.45 | H87: =VLOOKUP($A87,Orçamento!$A$9:$J$95,8,0) -> 13.1 | I87: =VLOOKUP($A87,Orçamento!$A$9:$J$95,10,0) -> 45.19 | L87: =IF(K87=0,"",TRUNC($H87*K87,2)) | N87: =IF(M87=0,"",TRUNC($H87*M87,2)) | O87: 3.45 | P87: =IF(O87=0,"",TRUNC($H87*O87,2)) -> 45.19 | S87: =SUMIF($K$9:$P$9,$K$9,K87:P87) -> 3.45 | T87: =IF(S87=G87,"","FALTA") | U87: =SUMIF($K$9:$P$9,$L$9,K87:P87) -> 45.19 | V87: =IF(U87=I87,"","FALTA")
A88: 4.3.4 | B88: =VLOOKUP($A88,Orçamento!$A$9:$J$95,4,0) -> ELETRODUTO CORRUGADO EM POLIETILENO DE ALTA DENSIDADE, DN= 75 MM, COM ACESSÓRIOS | C88: =IF(K88=0,"",CONCATENATE(K88," ",$F88)) | D88: =IF(M88=0,"",CONCATENATE(M88," ",$F88)) | E88: =IF(O88=0,"",CONCATENATE(O88," ",$F88)) -> 11,5 M | F88: =VLOOKUP($A88,Orçamento!$A$9:$J$95,5,0) -> M | G88: =VLOOKUP($A88,Orçamento!$A$9:$J$95,6,0) -> 11.5 | H88: =VLOOKUP($A88,Orçamento!$A$9:$J$95,8,0) -> 23.11 | I88: =VLOOKUP($A88,Orçamento!$A$9:$J$95,10,0) -> 265.76 | L88: =IF(K88=0,"",TRUNC($H88*K88,2)) | N88: =IF(M88=0,"",TRUNC($H88*M88,2)) | O88: 11.5 | P88: =IF(O88=0,"",TRUNC($H88*O88,2)) -> 265.76 | S88: =SUMIF($K$9:$P$9,$K$9,K88:P88) -> 11.5 | T88: =IF(S88=G88,"","FALTA") | U88: =SUMIF($K$9:$P$9,$L$9,K88:P88) -> 265.76 | V88: =IF(U88=I88,"","FALTA")
A89: 4.3.5 | B89: =VLOOKUP($A89,Orçamento!$A$9:$J$95,4,0) -> CABO DE COBRE FLEXÍVEL ISOLADO, 6 MM², ANTI-CHAMA 0,6/1,0 KV, PARA CIRCUITOS TERMINAIS - FORNECIMENTO E INSTALAÇÃO. AF_03/2023 | C89: =IF(K89=0,"",CONCATENATE(K89," ",$F89)) | D89: =IF(M89=0,"",CONCATENATE(M89," ",$F89)) | E89: =IF(O89=0,"",CONCATENATE(O89," ",$F89)) -> 70,5 M | F89: =VLOOKUP($A89,Orçamento!$A$9:$J$95,5,0) -> M | G89: =VLOOKUP($A89,Orçamento!$A$9:$J$95,6,0) -> 70.5 | H89: =VLOOKUP($A89,Orçamento!$A$9:$J$95,8,0) -> 16.2 | I89: =VLOOKUP($A89,Orçamento!$A$9:$J$95,10,0) -> 1142.1 | L89: =IF(K89=0,"",TRUNC($H89*K89,2)) | N89: =IF(M89=0,"",TRUNC($H89*M89,2)) | O89: 70.5 | P89: =IF(O89=0,"",TRUNC($H89*O89,2)) -> 1142.1 | S89: =SUMIF($K$9:$P$9,$K$9,K89:P89) -> 70.5 | T89: =IF(S89=G89,"","FALTA") | U89: =SUMIF($K$9:$P$9,$L$9,K89:P89) -> 1142.1 | V89: =IF(U89=I89,"","FALTA")
A90: 4.3.6 | B90: =VLOOKUP($A90,Orçamento!$A$9:$J$95,4,0) -> CONCRETO FCK = 15MPA, TRAÇO 1:3,4:3,5 (EM MASSA SECA DE CIMENTO/ AREIA MÉDIA/ BRITA 1) - PREPARO MECÂNICO COM BETONEIRA 400 L. AF_05/2021 | C90: =IF(K90=0,"",CONCATENATE(K90," ",$F90)) | D90: =IF(M90=0,"",CONCATENATE(M90," ",$F90)) | E90: =IF(O90=0,"",CONCATENATE(O90," ",$F90)) -> 0,17 M3 | F90: =VLOOKUP($A90,Orçamento!$A$9:$J$95,5,0) -> M3 | G90: =VLOOKUP($A90,Orçamento!$A$9:$J$95,6,0) -> 0.17 | H90: =VLOOKUP($A90,Orçamento!$A$9:$J$95,8,0) -> 547.98 | I90: =VLOOKUP($A90,Orçamento!$A$9:$J$95,10,0) -> 93.15 | L90: =IF(K90=0,"",TRUNC($H90*K90,2)) | N90: =IF(M90=0,"",TRUNC($H90*M90,2)) | O90: 0.17 | P90: =IF(O90=0,"",TRUNC($H90*O90,2)) -> 93.15 | S90: =SUMIF($K$9:$P$9,$K$9,K90:P90) -> 0.17 | T90: =IF(S90=G90,"","FALTA") | U90: =SUMIF($K$9:$P$9,$L$9,K90:P90) -> 93.15 | V90: =IF(U90=I90,"","FALTA")
A91: 4.3.7 | B91: =VLOOKUP($A91,Orçamento!$A$9:$J$95,4,0) -> REATERRO MANUAL DE VALAS, COM COMPACTADOR DE SOLOS DE PERCUSSÃO. AF_08/2023 | C91: =IF(K91=0,"",CONCATENATE(K91," ",$F91)) | D91: =IF(M91=0,"",CONCATENATE(M91," ",$F91)) | E91: =IF(O91=0,"",CONCATENATE(O91," ",$F91)) -> 2,42 M3 | F91: =VLOOKUP($A91,Orçamento!$A$9:$J$95,5,0) -> M3 | G91: =VLOOKUP($A91,Orçamento!$A$9:$J$95,6,0) -> 2.42 | H91: =VLOOKUP($A91,Orçamento!$A$9:$J$95,8,0) -> 45.4 | I91: =VLOOKUP($A91,Orçamento!$A$9:$J$95,10,0) -> 109.86 | L91: =IF(K91=0,"",TRUNC($H91*K91,2)) | N91: =IF(M91=0,"",TRUNC($H91*M91,2)) | O91: 2.42 | P91: =IF(O91=0,"",TRUNC($H91*O91,2)) -> 109.86 | S91: =SUMIF($K$9:$P$9,$K$9,K91:P91) -> 2.42 | T91: =IF(S91=G91,"","FALTA") | U91: =SUMIF($K$9:$P$9,$L$9,K91:P91) -> 109.86 | V91: =IF(U91=I91,"","FALTA")
A93: 5 | B93: =VLOOKUP($A93,Orçamento!$A$9:$J$95,4,0) -> SERVIÇOS COMPLEMENTARES
A94: 5.1 | B94: =VLOOKUP($A94,Orçamento!$A$9:$J$95,4,0) -> PAISAGISMO | E94: EVENTO 19 | L94: =SUM(L95:L96) -> 0 | N94: =SUM(N95:N96) -> 0 | P94: =SUM(P95:P96) -> 139.74
A95: 5.1.1 | B95: =VLOOKUP($A95,Orçamento!$A$9:$J$95,4,0) -> ESPALHAMENTO DE TERRA VEGETAL PARA O PLANTIO. AF_07/2024 | C95: =IF(K95=0,"",CONCATENATE(K95," ",$F95)) | D95: =IF(M95=0,"",CONCATENATE(M95," ",$F95)) | E95: =IF(O95=0,"",CONCATENATE(O95," ",$F95)) -> 4,6 M2 | F95: =VLOOKUP($A95,Orçamento!$A$9:$J$95,5,0) -> M2 | G95: =VLOOKUP($A95,Orçamento!$A$9:$J$95,6,0) -> 4.6 | H95: =VLOOKUP($A95,Orçamento!$A$9:$J$95,8,0) -> 6.37 | I95: =VLOOKUP($A95,Orçamento!$A$9:$J$95,10,0) -> 29.3 | L95: =IF(K95=0,"",TRUNC($H95*K95,2)) | N95: =IF(M95=0,"",TRUNC($H95*M95,2)) | O95: 4.6 | P95: =IF(O95=0,"",TRUNC($H95*O95,2)) -> 29.3 | S95: =SUMIF($K$9:$P$9,$K$9,K95:P95) -> 4.6 | T95: =IF(S95=G95,"","FALTA") | U95: =SUMIF($K$9:$P$9,$L$9,K95:P95) -> 29.3 | V95: =IF(U95=I95,"","FALTA")
A96: 5.1.2 | B96: =VLOOKUP($A96,Orçamento!$A$9:$J$95,4,0) -> PLANTIO DE GRAMA ESMERALDA EM PLACAS (JARDINS E CANTEIROS) | C96: =IF(K96=0,"",CONCATENATE(K96," ",$F96)) | D96: =IF(M96=0,"",CONCATENATE(M96," ",$F96)) | E96: =IF(O96=0,"",CONCATENATE(O96," ",$F96)) -> 4,6 M2 | F96: =VLOOKUP($A96,Orçamento!$A$9:$J$95,5,0) -> M2 | G96: =VLOOKUP($A96,Orçamento!$A$9:$J$95,6,0) -> 4.6 | H96: =VLOOKUP($A96,Orçamento!$A$9:$J$95,8,0) -> 24.01 | I96: =VLOOKUP($A96,Orçamento!$A$9:$J$95,10,0) -> 110.44 | L96: =IF(K96=0,"",TRUNC($H96*K96,2)) | N96: =IF(M96=0,"",TRUNC($H96*M96,2)) | O96: 4.6 | P96: =IF(O96=0,"",TRUNC($H96*O96,2)) -> 110.44 | S96: =SUMIF($K$9:$P$9,$K$9,K96:P96) -> 4.6 | T96: =IF(S96=G96,"","FALTA") | U96: =SUMIF($K$9:$P$9,$L$9,K96:P96) -> 110.44 | V96: =IF(U96=I96,"","FALTA")
A98: OBSERVAÇÃO: Os EVENTOS especificadas para cada item só serão consideradas concluídos quando todas as quantidades especificadas para cada subitem a ele pertencentes estiverem executadas (Exemplo: o EVENTO 1 só será considerado concluído após a execução de todos os quantitativos especificados nele para os subitens 1.1.1 a 1.1.4).

Sheet CRONOGRAMA
B4: CRONOGRAMA FÍSICO-FINANCEIRO
B5: OBRA: | C5: =Orçamento!B5 -> REVITALIZAÇÃO DE PLAYGROUND NO PARQUE DA VILA FORMOSA | H5: =Orçamento!I4 -> REV. | I5: =Orçamento!J4 -> 46287
B6: LOCAL: | C6: =Orçamento!B6 -> RUA ARTHUR CAGLIARI, S/Nº - VILA FORMOSA, SOROCABA/SP | H6: BDI Obra | I6: =Orçamento!J5 -> 0.2354
B8: ITEM | C8: ETAPA | D8: PREÇO (SEM BDI) | E8: PREÇO (COM BDI) | F8: % SOBRE O TOTAL | G8: 1º MÊS | H8: 2º MÊS | I8: 3º MÊS | L8: Conferências
B9: 1 | C9: =VLOOKUP($B9,Orçamento!$A$9:$L$95,4,0) -> SERVIÇOS PRELIMINARES | D9: =VLOOKUP($B9,Orçamento!$A$9:$L$95,11,0) -> 36727.54 | E9: =VLOOKUP($B9,Orçamento!$A$9:$L$95,12,0) -> 45354.32 | F9: =E9/$E$44 -> 0.25828674
A10: A | B10: 1.1 | C10: =VLOOKUP($B10,Orçamento!$A$9:$L$95,4,0) -> CANTEIRO DE OBRAS | D10: =VLOOKUP($B10,Orçamento!$A$9:$L$95,11,0) -> 12656.52 | E10: =VLOOKUP($B10,Orçamento!$A$9:$L$95,12,0) -> 15635.58 | F10: =E10/$E$44 -> 0.089042521 | G10: =VLOOKUP($B10,'Cronograma Auxiliar'!$A$9:$P$97,G$54,0) -> 10025.1 | H10: =VLOOKUP($B10,'Cronograma Auxiliar'!$A$9:$P$97,H$54,0) -> 2805.24 | I10: =VLOOKUP($B10,'Cronograma Auxiliar'!$A$9:$P$97,I$54,0) -> 2805.24 | N10: =SUM(G10:I10) -> 15635.58 | O10: =IF(N10=E10,"OK","NOK") -> OK
A11: - | G11: =G10/$E10 -> 0.64117225 | H11: =H10/$E10 -> 0.17941388 | I11: =I10/$E10 -> 0.17941388 | L11: =SUM(G11:I11) -> 1 | M11: =IF(L11=1,"OK","NOK") -> OK
A12: A | B12: 1.2 | C12: =VLOOKUP($B12,Orçamento!$A$9:$L$95,4,0) -> LIMPEZA DO TERRENO | D12: =VLOOKUP($B12,Orçamento!$A$9:$L$95,11,0) -> 20952.91 | E12: =VLOOKUP($B12,Orçamento!$A$9:$L$95,12,0) -> 25869.37 | F12: =E12/$E$44 -> 0.14732258 | G12: =VLOOKUP($B12,'Cronograma Auxiliar'!$A$9:$P$97,G$54,0) -> 25869.37 | H12: =VLOOKUP($B12,'Cronograma Auxiliar'!$A$9:$P$97,H$54,0) -> 0 | I12: =VLOOKUP($B12,'Cronograma Auxiliar'!$A$9:$P$97,I$54,0) -> 0 | N12: =SUM(G12:I12) -> 25869.37 | O12: =IF(N12=E12,"OK","NOK") -> OK
A13: - | G13: =G12/$E12 -> 1 | H13: =H12/$E12 -> 0 | I13: =I12/$E12 -> 0 | L13: =SUM(G13:I13) -> 1 | M13: =IF(L13=1,"OK","NOK") -> OK
A14: A | B14: 1.3 | C14: =VLOOKUP($B14,Orçamento!$A$9:$L$95,4,0) -> RETIRADA DE ENTULHOS | D14: =VLOOKUP($B14,Orçamento!$A$9:$L$95,11,0) -> 3118.11 | E14: =VLOOKUP($B14,Orçamento!$A$9:$L$95,12,0) -> 3849.37 | F14: =E14/$E$44 -> 0.021921643 | G14: =VLOOKUP($B14,'Cronograma Auxiliar'!$A$9:$P$97,G$54,0) -> 3849.37 | H14: =VLOOKUP($B14,'Cronograma Auxiliar'!$A$9:$P$97,H$54,0) -> 0 | I14: =VLOOKUP($B14,'Cronograma Auxiliar'!$A$9:$P$97,I$54,0) -> 0 | N14: =SUM(G14:I14) -> 3849.37 | O14: =IF(N14=E14,"OK","NOK") -> OK
A15: - | G15: =G14/$E14 -> 1 | H15: =H14/$E14 -> 0 | I15: =I14/$E14 -> 0 | L15: =SUM(G15:I15) -> 1 | M15: =IF(L15=1,"OK","NOK") -> OK
B16: 2 | C16: =VLOOKUP($B16,Orçamento!$A$9:$L$95,4,0) -> PLAYGROUND EXISTENTE | D16: =VLOOKUP($B16,Orçamento!$A$9:$L$95,11,0) -> 71157.34 | E16: =VLOOKUP($B16,Orçamento!$A$9:$L$95,12,0) -> 87896.8 | F16: =E16/$E$44 -> 0.50056043
A17: A | B17: 2.1 | C17: =VLOOKUP($B17,Orçamento!$A$9:$L$95,4,0) -> REVITALIZAÇÃO DOS BRINQUEDOS EXISTENTES | D17: =VLOOKUP($B17,Orçamento!$A$9:$L$95,11,0) -> 29611.2 | E17: =VLOOKUP($B17,Orçamento!$A$9:$L$95,12,0) -> 36577.81 | F17: =E17/$E$44 -> 0.2083057 | G17: =VLOOKUP($B17,'Cronograma Auxiliar'!$A$9:$P$97,G$54,0) -> 0 | H17: =VLOOKUP($B17,'Cronograma Auxiliar'!$A$9:$P$97,H$54,0) -> 36499.21 | I17: =VLOOKUP($B17,'Cronograma Auxiliar'!$A$9:$P$97,I$54,0) -> 78.6 | N17: =SUM(G17:I17) -> 36577.81 | O17: =IF(N17=E17,"OK","NOK") -> OK
A18: - | G18: =G17/$E17 -> 0 | H18: =H17/$E17 -> 0.99785116 | I18: =I17/$E17 -> 0.0021488438 | L18: =SUM(G18:I18) -> 1 | M18: =IF(L18=1,"OK","NOK") -> OK
A19: A | B19: 2.2 | C19: =VLOOKUP($B19,Orçamento!$A$9:$L$95,4,0) -> RECOMPOSIÇÃO DO TANQUE DE AREIA | D19: =VLOOKUP($B19,Orçamento!$A$9:$L$95,11,0) -> 28834.65 | E19: =VLOOKUP($B19,Orçamento!$A$9:$L$95,12,0) -> 35621.1 | F19: =E19/$E$44 -> 0.20285736 | G19: =VLOOKUP($B19,'Cronograma Auxiliar'!$A$9:$P$97,G$54,0) -> 0 | H19: =VLOOKUP($B19,'Cronograma Auxiliar'!$A$9:$P$97,H$54,0) -> 35621.1 | I19: =VLOOKUP($B19,'Cronograma Auxiliar'!$A$9:$P$97,I$54,0) -> 0 | N19: =SUM(G19:I19) -> 35621.1 | O19: =IF(N19=E19,"OK","NOK") -> OK
A20: - | G20: =G19/$E19 -> 0 | H20: =H19/$E19 -> 1 | I20: =I19/$E19 -> 0 | L20: =SUM(G20:I20) -> 1 | M20: =IF(L20=1,"OK","NOK") -> OK
A21: A | B21: 2.3 | C21: =VLOOKUP($B21,Orçamento!$A$9:$L$95,4,0) -> EQUIPAMENTOS NOVOS | D21: =VLOOKUP($B21,Orçamento!$A$9:$L$95,11,0) -> 9769.39 | E21: =VLOOKUP($B21,Orçamento!$A$9:$L$95,12,0) -> 12069.09 | F21: =E21/$E$44 -> 0.068731841 | G21: =VLOOKUP($B21,'Cronograma Auxiliar'!$A$9:$P$97,G$54,0) -> 0 | H21: =VLOOKUP($B21,'Cronograma Auxiliar'!$A$9:$P$97,H$54,0) -> 9323.73 | I21: =VLOOKUP($B21,'Cronograma Auxiliar'!$A$9:$P$97,I$54,0) -> 2745.36 | N21: =SUM(G21:I21) -> 12069.09 | O21: =IF(N21=E21,"OK","NOK") -> OK
A22: - | G22: =G21/$E21 -> 0 | H22: =H21/$E21 -> 0.77252966 | I22: =I21/$E21 -> 0.22747034 | L22: =SUM(G22:I22) -> 1 | M22: =IF(L22=1,"OK","NOK") -> OK
A23: A | B23: 2.4 | C23: =VLOOKUP($B23,Orçamento!$A$9:$L$95,4,0) -> LIMPEZA DO PISO | D23: =VLOOKUP($B23,Orçamento!$A$9:$L$95,11,0) -> 2942.1 | E23: =VLOOKUP($B23,Orçamento!$A$9:$L$95,12,0) -> 3628.8 | F23: =E23/$E$44 -> 0.020665527 | G23: =VLOOKUP($B23,'Cronograma Auxiliar'!$A$9:$P$97,G$54,0) -> 0 | H23: =VLOOKUP($B23,'Cronograma Auxiliar'!$A$9:$P$97,H$54,0) -> 0 | I23: =VLOOKUP($B23,'Cronograma Auxiliar'!$A$9:$P$97,I$54,0) -> 3628.8 | N23: =SUM(G23:I23) -> 3628.8 | O23: =IF(N23=E23,"OK","NOK") -> OK
A24: - | G24: =G23/$E23 -> 0 | H24: =H23/$E23 -> 0 | I24: =I23/$E23 -> 1 | L24: =SUM(G24:I24) -> 1 | M24: =IF(L24=1,"OK","NOK") -> OK
B25: 3 | C25: =VLOOKUP($B25,Orçamento!$A$9:$L$95,4,0) -> REVITALIZAÇÕES DO ENTORNO | D25: =VLOOKUP($B25,Orçamento!$A$9:$L$95,11,0) -> 21992.71 | E25: =VLOOKUP($B25,Orçamento!$A$9:$L$95,12,0) -> 27164.97 | F25: =E25/$E$44 -> 0.15470084
A26: A | B26: 3.1 | C26: =VLOOKUP($B26,Orçamento!$A$9:$L$95,4,0) -> ACADEMIA AO AR LIVRE | D26: =VLOOKUP($B26,Orçamento!$A$9:$L$95,11,0) -> 2950.77 | E26: =VLOOKUP($B26,Orçamento!$A$9:$L$95,12,0) -> 3643.92 | F26: =E26/$E$44 -> 0.020751633 | G26: =VLOOKUP($B26,'Cronograma Auxiliar'!$A$9:$P$97,G$54,0) -> 0 | H26: =VLOOKUP($B26,'Cronograma Auxiliar'!$A$9:$P$97,H$54,0) -> 0 | I26: =VLOOKUP($B26,'Cronograma Auxiliar'!$A$9:$P$97,I$54,0) -> 3643.92 | N26: =SUM(G26:I26) -> 3643.92 | O26: =IF(N26=E26,"OK","NOK") -> OK
A27: - | G27: =G26/$E26 -> 0 | H27: =H26/$E26 -> 0 | I27: =I26/$E26 -> 1 | L27: =SUM(G27:I27) -> 1 | M27: =IF(L27=1,"OK","NOK") -> OK
A28: A | B28: 3.2 | C28: =VLOOKUP($B28,Orçamento!$A$9:$L$95,4,0) -> PISTA DE SKATE | D28: =VLOOKUP($B28,Orçamento!$A$9:$L$95,11,0) -> 6612.99 | E28: =VLOOKUP($B28,Orçamento!$A$9:$L$95,12,0) -> 8166.38 | F28: =E28/$E$44 -> 0.046506434 | G28: =VLOOKUP($B28,'Cronograma Auxiliar'!$A$9:$P$97,G$54,0) -> 0 | H28: =VLOOKUP($B28,'Cronograma Auxiliar'!$A$9:$P$97,H$54,0) -> 7106.54 | I28: =VLOOKUP($B28,'Cronograma Auxiliar'!$A$9:$P$97,I$54,0) -> 1059.84 | N28: =SUM(G28:I28) -> 8166.38 | O28: =IF(N28=E28,"OK","NOK") -> OK
A29: - | G29: =G28/$E28 -> 0 | H29: =H28/$E28 -> 0.87021912 | I29: =I28/$E28 -> 0.12978088 | L29: =SUM(G29:I29) -> 1 | M29: =IF(L29=1,"OK","NOK") -> OK
A30: A | B30: 3.3 | C30: =VLOOKUP($B30,Orçamento!$A$9:$L$95,4,0) -> MOBILIÁRIOS DIVERSOS | D30: =VLOOKUP($B30,Orçamento!$A$9:$L$95,11,0) -> 12428.95 | E30: =VLOOKUP($B30,Orçamento!$A$9:$L$95,12,0) -> 15354.67 | F30: =E30/$E$44 -> 0.087442777 | G30: =VLOOKUP($B30,'Cronograma Auxiliar'!$A$9:$P$97,G$54,0) -> 0 | H30: =VLOOKUP($B30,'Cronograma Auxiliar'!$A$9:$P$97,H$54,0) -> 0 | I30: =VLOOKUP($B30,'Cronograma Auxiliar'!$A$9:$P$97,I$54,0) -> 15354.67 | N30: =SUM(G30:I30) -> 15354.67 | O30: =IF(N30=E30,"OK","NOK") -> OK
A31: - | G31: =G30/$E30 -> 0 | H31: =H30/$E30 -> 0 | I31: =I30/$E30 -> 1 | L31: =SUM(G31:I31) -> 1 | M31: =IF(L31=1,"OK","NOK") -> OK
B32: 4 | C32: =VLOOKUP($B32,Orçamento!$A$9:$L$95,4,0) -> INSTALAÇÕES ELÉTRICAS | D32: =VLOOKUP($B32,Orçamento!$A$9:$L$95,11,0) -> 7381.33 | E32: =VLOOKUP($B32,Orçamento!$A$9:$L$95,12,0) -> 9118.1 | F32: =E32/$E$44 -> 0.051926351
A33: A | B33: 4.1 | C33: =VLOOKUP($B33,Orçamento!$A$9:$L$95,4,0) -> CAIXA DE COMANDO E ACIONAMENTO | D33: =VLOOKUP($B33,Orçamento!$A$9:$L$95,11,0) -> 1189.2 | E33: =VLOOKUP($B33,Orçamento!$A$9:$L$95,12,0) -> 1469.07 | F33: =E33/$E$44 -> 0.0083661557 | G33: =VLOOKUP($B33,'Cronograma Auxiliar'!$A$9:$P$97,G$54,0) -> 0 | H33: =VLOOKUP($B33,'Cronograma Auxiliar'!$A$9:$P$97,H$54,0) -> 0 | I33: =VLOOKUP($B33,'Cronograma Auxiliar'!$A$9:$P$97,I$54,0) -> 1469.07 | N33: =SUM(G33:I33) -> 1469.07 | O33: =IF(N33=E33,"OK","NOK") -> OK
A34: - | G34: =G33/$E33 -> 0 | H34: =H33/$E33 -> 0 | I34: =I33/$E33 -> 1 | L34: =SUM(G34:I34) -> 1 | M34: =IF(L34=1,"OK","NOK") -> OK
A35: A | B35: 4.2 | C35: =VLOOKUP($B35,Orçamento!$A$9:$L$95,4,0) -> ENTRADA DE ENERGIA | D35: =VLOOKUP($B35,Orçamento!$A$9:$L$95,11,0) -> 4595.09 | E35: =VLOOKUP($B35,Orçamento!$A$9:$L$95,12,0) -> 5676.75 | F35: =E35/$E$44 -> 0.032328326 | G35: =VLOOKUP($B35,'Cronograma Auxiliar'!$A$9:$P$97,G$54,0) -> 0 | H35: =VLOOKUP($B35,'Cronograma Auxiliar'!$A$9:$P$97,H$54,0) -> 0 | I35: =VLOOKUP($B35,'Cronograma Auxiliar'!$A$9:$P$97,I$54,0) -> 5676.75 | N35: =SUM(G35:I35) -> 5676.75 | O35: =IF(N35=E35,"OK","NOK") -> OK
A36: - | G36: =G35/$E35 -> 0 | H36: =H35/$E35 -> 0 | I36: =I35/$E35 -> 1 | L36: =SUM(G36:I36) -> 1 | M36: =IF(L36=1,"OK","NOK") -> OK
A37: A | B37: 4.3 | C37: =VLOOKUP($B37,Orçamento!$A$9:$L$95,4,0) -> CABEAMENTO E IMPLANTAÇÃO | D37: =VLOOKUP($B37,Orçamento!$A$9:$L$95,11,0) -> 1597.04 | E37: =VLOOKUP($B37,Orçamento!$A$9:$L$95,12,0) -> 1972.28 | F37: =E37/$E$44 -> 0.011231869 | G37: =VLOOKUP($B37,'Cronograma Auxiliar'!$A$9:$P$97,G$54,0) -> 0 | H37: =VLOOKUP($B37,'Cronograma Auxiliar'!$A$9:$P$97,H$54,0) -> 0 | I37: =VLOOKUP($B37,'Cronograma Auxiliar'!$A$9:$P$97,I$54,0) -> 1972.28 | N37: =SUM(G37:I37) -> 1972.28 | O37: =IF(N37=E37,"OK","NOK") -> OK
A38: - | G38: =G37/$E37 -> 0 | H38: =H37/$E37 -> 0 | I38: =I37/$E37 -> 1 | L38: =SUM(G38:I38) -> 1 | M38: =IF(L38=1,"OK","NOK") -> OK
B39: 5 | C39: =VLOOKUP($B39,Orçamento!$A$9:$L$95,4,0) -> SERVIÇOS COMPLEMENTARES | D39: =VLOOKUP($B39,Orçamento!$A$9:$L$95,11,0) -> 113.15 | E39: =VLOOKUP($B39,Orçamento!$A$9:$L$95,12,0) -> 139.74 | F39: =E39/$E$44 -> 0.00079580047
A40: A | B40: 5.1 | C40: =VLOOKUP($B40,Orçamento!$A$9:$L$95,4,0) -> PAISAGISMO | D40: =VLOOKUP($B40,Orçamento!$A$9:$L$95,11,0) -> 113.15 | E40: =VLOOKUP($B40,Orçamento!$A$9:$L$95,12,0) -> 139.74 | F40: =E40/$E$44 -> 0.00079580047 | G40: =VLOOKUP($B40,'Cronograma Auxiliar'!$A$9:$P$97,G$54,0) -> 0 | H40: =VLOOKUP($B40,'Cronograma Auxiliar'!$A$9:$P$97,H$54,0) -> 0 | I40: =VLOOKUP($B40,'Cronograma Auxiliar'!$A$9:$P$97,I$54,0) -> 139.74 | N40: =SUM(G40:I40) -> 139.74 | O40: =IF(N40=E40,"OK","NOK") -> OK
A41: - | G41: =G40/$E40 -> 0 | H41: =H40/$E40 -> 0 | I41: =I40/$E40 -> 1 | L41: =SUM(G41:I41) -> 1 | M41: =IF(L41=1,"OK","NOK") -> OK
A42: ** | B42: 6 | C42: =VLOOKUP($B42,Orçamento!$A$9:$L$95,4,0) -> ADMINISTRAÇÃO LOCAL | D42: =VLOOKUP($B42,Orçamento!$A$9:$L$95,11,0) -> 4794.28 | E42: =VLOOKUP($B42,Orçamento!$A$9:$L$95,12,0) -> 5922.85 | F42: =E42/$E$44 -> 0.033729833 | G42: =ROUND($E42*G43,2) -> 1387.35 | H42: =ROUND($E42*H43,2) -> 3188.98 | I42: =ROUND($E42*I43,2) -> 1346.52 | N42: =SUM(G42:I42) -> 5922.85 | O42: =IF(N42=E42,"OK","NOK") -> OK
G43: =ROUND(G52,7) -> 0.2342366 | H43: =ROUND(H52,7) -> 0.5384199 | I43: =ROUND(I52,7) -> 0.2273435 | L43: =SUM(G43:I43) -> 1 | M43: =IF(L43=1,"OK","NOK") -> OK
C44: TOTAL | E44: =SUMIF($A$9:$A$41,"A",E9:E41)+E42 -> 175596.78 | F44: TOTAL (R$) | G44: =SUMIF($A$9:$A$41,"A",G9:G41)+G42 -> 41131.19 | H44: =SUMIF($A$9:$A$41,"A",H9:H41)+H42 -> 94544.8 | I44: =SUMIF($A$9:$A$41,"A",I9:I41)+I42 -> 39920.79 | N44: =SUM(G44:I44) -> 175596.78 | O44: =IF(N44=E44,"OK","NOK") -> OK
F45: TOTAL (%) | G45: =G44/$E$44 -> 0.23423658 | H45: =H44/$E$44 -> 0.5384199 | I45: =I44/$E$44 -> 0.22734352 | L45: =SUM(G45:I45) -> 1 | M45: =IF(L45=1,"OK","NOK") -> OK
E46: TOTAL ACUMULADO ($) | G46: =G44 -> 41131.19 | H46: =G46+H44 -> 135675.99 | I46: =H46+I44 -> 175596.78 | N46: =I46 -> 175596.78 | O46: =IF(N46=E46,"OK","NOK") -> NOK
E47: TOTAL ACUMULADO (%) | G47: =G46/$E$44 -> 0.23423658 | H47: =G47+H45 -> 0.77265648 | I47: =H47+I45 -> 1 | L47: =I47 -> 1 | M47: =IF(L47=1,"OK","NOK") -> OK
L51: TOTAL
G52: =SUMIF($A$9:$A$41,"A",G9:G41)/($E$44-$E$42) -> 0.23423657 | H52: =SUMIF($A$9:$A$41,"A",H9:H41)/($E$44-$E$42) -> 0.5384199 | I52: =SUMIF($A$9:$A$41,"A",I9:I41)/($E$44-$E$42) -> 0.22734353 | L52: Planilha | N52: =Orçamento!J95 -> 175596.78
L53: Cronograma | N53: =I46 -> 175596.78 | O53: =IF(N52=N53,"OK","NOK") -> OK
G54: ='Cronograma Auxiliar'!L6 -> 12 | H54: =G54+2 -> 14 | I54: =H54+2 -> 16
